 Dungeon Crawl Stone Soup version 0.30-a0-1008-g30c9307041 (webtiles) character file.

Game seed: 13005503408008591981

3795538 DiggyJ the Middleweight Champion (level 27, 160/310 (317) HPs) *EXPLORE*
             Began as a Demonspawn Berserker on Apr 5, 2023.
             Was the Champion of Jiyva.
             Escaped with the Orb
             ... and 5 runes on Apr 6, 2023!
             The game lasted 04:26:26 (59140 turns).

DiggyJ the Middleweight Champion (DsBe)            Turns: 59140, Time: 04:26:27

HP:   160/310 (317) AC: 17    Str: 29 (32) XL:     27
MP:   27/27         EV: 28    Int: 11 (12) God:    Jiyva [******]
Gold: 3035          SH: 18    Dex: 14      Spells: 25/26 levels left

rFire   + + +      SeeInvis .      - Unarmed
rCold   . . .      Faith    .    X - +3 warlock's mirror {omnireflect}
rNeg    . . .      Spirit   .    E - +1 troll leather armour of Nuchen {Regen+ Str+6}
rPois   .          Reflect  +    (helmet restricted)
rElec   +          Rampage  .    (cloak unavailable)
rCorr   +                        T - +2 pair of gloves of Mirth {Regen+}
Will    ++...                    j - +1 pair of boots {Stlth+}
Stlth   +++                      D - amulet "Siwud" {RegenMP +Blink rF+ Regen+ rCorr Dex-5}
HPRegen 4.71/turn                W - ring of the Hare {EV+10}
MPRegen 1.10/turn                U - ring "Goxir" {Wiz rElec rF+ Dex+2 Slay+3}

@: studying 4 skills, lightly drained, unable to read
A: thin skeletal structure 3, demonic guardian 3, icemail 2, robust 3,
condensation shield, weakness stinger 3, fangs 1, hooves 1, horns 2, clumsy 1,
deformed body, deterioration 1, fire resistance 1, high MP 2, screaming 1, weak
1, wild magic 1, eyeballs 1, no potion heal 1, inability to read after injury 2,
devolution 1
0: Orb of Zot
}: 5/15 runes: barnacled, slimy, silver, abyssal, gossamer
a: Renounce Religion, Evoke Blink, Oozemancy, Slimify


You escaped.
You worshipped Jiyva.
Jiyva was exalted by your worship.
You visited 11 branches of the dungeon, and saw 53 of its levels.
You visited the Abyss 6 times.
You completed 1 ziggurat, and saw 27 of its levels.
You also visited: Trove, Gauntlet, Ice Cave and Desolation.

You collected 5756 gold pieces.
You spent 2721 gold pieces at shops.

Inventory:

Hand Weapons
 q - the +8 demon blade "Leech" {evervamp, Harm Drain rN+}
   (You found it on level 2 of the Vaults)

   rN:        It protects you from negative energy.
   Drain:     It drains your maximum health when unequipped.
   Harm:      It increases damage dealt and taken.
 Y - a +6 battleaxe of protection
Armour
 b - the +8 orange crystal plate armour {Archmagi, Int+3 Clar}
   (You found it on level 22 of a ziggurat)

   Int:       It affects your intelligence (+3).
   Clar:      It protects you against confusion.
 j - a +1 pair of boots of stealth (worn)
 E - the +1 troll leather armour of Nuchen (worn) {Regen+ Str+6}
   (You found it on level 25 of a ziggurat)

   Str:       It affects your strength (+6).
   Regen:     It increases your rate of health regeneration.
 F - +0 gold dragon scales
 G - quicksilver dragon scales
 T - the +2 pair of gloves of Mirth (worn) {Regen+}
   (You found it on level 6 of a ziggurat)

   Regen:     It increases your rate of health regeneration.
 X - the +3 warlock's mirror (worn) {omnireflect}
   (You acquired it on level 3 of the Lair of Beasts)

   Omnireflect: It can block and reflect piercing ranged attacks and magical
   attacks against the wielder's willpower.
 Z - +8 storm dragon scales {Bai Suzhen}
Jewellery
 c - the amulet "Hawehydi" {Faith rPois}
   (You found it in a treasure trove)

   [amulet of faith]

   It allows you to gain divine favour quickly.
   rPois:     It protects you from poison.
 g - the amulet of the Air {Inacc Air Fly rElec RMsl}
   (You found it on level 7 of a ziggurat)

   [amulet of nothing]

   Inacc:     It reduces the accuracy of your attacks and spells.
   Air:       It enhances your air magic.
   rElec:     It insulates you from electricity.
   Fly:       It grants you flight.
   RMsl:      It protects you from missiles.
 A - a +5 ring of evasion
 D - the amulet "Siwud" (around neck) {RegenMP +Blink rF+ Regen+ rCorr Dex-5}
   (You found it on level 12 of a ziggurat)

   [amulet of magic regeneration]

   It increases your rate of magic regeneration.
   Dex:       It affects your dexterity (-5).
   rF:        It protects you from fire.
   +Blink:    It lets you blink.
   Regen:     It increases your rate of health regeneration.
   rCorr:     It protects you from acid and corrosion.
 N - an amulet of reflection
 U - the ring "Goxir" (right hand) {Wiz rElec rF+ Dex+2 Slay+3}
   (You found it on level 9 of a ziggurat)

   [ring of wizardry]

   It improves your spell success rate.
   Dex:       It affects your dexterity (+2).
   Slay:      It affects your accuracy & damage with ranged weapons and melee
   (+3).
   rF:        It protects you from fire.
   rElec:     It insulates you from electricity.
 W - the ring of the Hare (left hand) {EV+10}
   (You found it on level 18 of a ziggurat)

   [ring of evasion]

   EV:        It affects your evasion (+10).
Wands
 e - a wand of mindburst (3)
 h - a wand of polymorph (4)
 m - a wand of flame (8)
 y - a wand of paralysis (37)
 J - a wand of quicksilver (28)
 L - a wand of iceblast (36)
 V - a wand of digging (3)
Scrolls
 d - 18 scrolls of teleportation
 n - a scroll of fear
 p - 3 scrolls of butterflies
 t - 13 scrolls of fog
 u - 7 scrolls of enchant armour
 w - a scroll of brand weapon
 I - 12 scrolls of enchant weapon
 K - a scroll of magic mapping
Potions
 a - 6 potions of brilliance
 f - 18 potions of curing
 k - 3 potions of haste
 l - 9 potions of heal wounds
 s - 2 potions of cancellation
 v - 11 potions of flight
 z - 11 potions of might
 B - a potion of invisibility
 O - 4 potions of resistance
 P - 14 potions of mutation (quivered)
 Q - 6 potions of ambrosia
Miscellaneous
 i - a lightning rod (4/4)
 o - a piece from Xom's chessboard (15/15)
 r - a phial of floods
 C - a phantom mirror
 H - a piece from Xom's chessboard (15/15)
 M - a condenser vane
 R - a box of beasts
 S - a +1 figurine of a ziggurat


   Skills:
 * Level 25.7 Fighting
 - Level 13.3 Axes
 - Level 6.2 Armour
 - Level 13.7 Dodging
 - Level 5.5 Stealth
 O Level 27 Shields
 O Level 27 Unarmed Combat
 + Level 19.2 Evocations


You had 25 spell levels left.
You knew the following spells:

 Your Spells              Type           Power      Damage    Failure   Level
a - Apportation           Tloc           0%         N/A       21%         1

Your spell library contained the following spells:

 Spells                   Type           Power      Damage    Failure   Level
 Beastly Appendage        Tmut           0%         N/A       21%         1
 Freeze                   Ice            0%         1d3       21%         1
 Kiss of Death            Conj/Necr      0%         2d5       21%         1
 Magic Dart               Conj           0%         1d3       21%         1
 Necrotise                Necr           0%         1d4       21%         1
 Sandblast                Erth           0%         2d4       21%         1
 Shock                    Conj/Air       0%         1d3       21%         1
 Slow                     Hex            0%         N/A       21%         1
 Sting                    Tmut/Pois      0%         1d3       21%         1
 Summon Small Mammal      Summ           0%         N/A       21%         1
 Blink                    Tloc           0%         N/A       30%         2
 Call Imp                 Summ           0%         N/A       30%         2
 Cigotuvi's Dreadful Rot  Necr/Pois/Air  0%         N/A       30%         2
 Ensorcelled Hibernation  Hex/Ice        0%         N/A       30%         2
 Lesser Beckoning         Tloc           0%         N/A       30%         2
 Momentum Strike          Conj/Tloc      0%         3d8       30%         2
 Scorch                   Fire           0%         2d5       30%         2
 Searing Ray              Conj           0%         2d4       30%         2
 Static Discharge         Conj/Air       0%         2-2/arc   30%         2
 Sublimation of Blood     Necr           0%         N/A       30%         2
 Wereblood                Tmut           0%         N/A       30%         2
 Call Canine Familiar     Summ           0%         N/A       47%         3
 Confusing Touch          Hex            0%         N/A       47%         3
 Dazzling Flash           Conj/Hex       0%         N/A       47%         3
 Frozen Ramparts          Ice            0%         1d1       47%         3
 Gell's Gravitas          Tloc           0%         N/A       47%         3
 Hailstorm                Conj/Ice       0%         3d3       47%         3
 Ignite Poison            Fire/Tmut/Pois 0%         N/A       47%         3
 Inner Flame              Hex/Fire       0%         N/A       47%         3
 Ozocubu's Armour         Ice            0%         N/A       47%         3
 Portal Projectile        Hex/Tloc       0%         N/A       47%         3
 Spider Form              Tmut/Pois      0%         N/A       47%         3
 Stone Arrow              Conj/Erth      0%         3d7       47%         3
 Summon Guardian Golem    Hex/Summ       0%         N/A       47%         3
 Teleport Other           Tloc           0%         N/A       47%         3
 Vampiric Draining        Necr           0%         2d6       47%         3
 Vhi's Electric Charge    Tloc/Air       0%         N/A       47%         3
 Volatile Blastmotes      Fire/Tloc      0%         2d10      47%         3
 Airstrike                Air            0%         2d(0-16)  85%         4
 Anguish                  Hex/Necr       0%         N/A       85%         4
 Animate Armour           Summ/Erth      0%         N/A       85%         4
 Animate Dead             Necr           0%         N/A       85%         4
 Cause Fear               Hex            0%         N/A       85%         4
 Dispel Undead            Necr           0%         3d6       85%         4
 Flame Wave               Conj/Fire      0%         2d4       85%         4
 Fulminant Prism          Conj/Hex       0%         3d5       85%         4
 Ice Form                 Ice/Tmut       0%         N/A       85%         4
 Iskenderun's Mystic Bla  Conj/Tloc      0%         2d3       85%         4
 Leda's Liquefaction      Hex/Erth       0%         N/A       85%         4
 Manifold Assault         Tloc           0%         N/A       85%         4
 Olgreb's Toxic Radiance  Pois           0%         N/A       85%         4
 Passage of Golubria      Tloc           0%         N/A       85%         4
 Petrify                  Tmut/Erth      0%         N/A       85%         4
 Sticky Flame             Conj/Fire      0%         2d3       85%         4
 Summon Ice Beast         Ice/Summ       0%         N/A       85%         4
 Summon Lightning Spire   Summ/Air       0%         N/A       85%         4
 Agony                    Necr           0%         N/A       99%         5
 Alistair's Intoxication  Tmut/Pois      0%         N/A       99%         5
 Arcjolt                  Conj/Air       0%         1d10      99%         5
 Blade Hands              Tmut           0%         N/A       99%         5
 Borgnjor's Vile Clutch   Necr/Erth      0%         N/A       99%         5
 Freezing Cloud           Conj/Ice/Air   0%         6-21      99%         5
 Irradiate                Conj/Tmut      0%         3d11      99%         5
 Lee's Rapid Deconstruct  Erth           0%         3d4*      99%         5
 Metabolic Englaciation   Hex/Ice        0%         N/A       99%         5
 Silence                  Hex/Air        0%         N/A       99%         5
 Summon Forest            Summ/Tloc      0%         N/A       99%         5
 Summon Mana Viper        Hex/Summ       0%         N/A       99%         5
 Conjure Ball Lightning   Conj/Air       0%         3x3d6     100%        6
 Death Channel            Necr           0%         N/A       100%        6
 Dispersal                Tloc           0%         N/A       100%        6
 Eringya's Noxious Bog    Tmut/Pois      0%         N/A       100%        6
 Iron Shot                Conj/Erth      0%         9d1       100%        6
 Simulacrum               Ice/Necr       0%         N/A       100%        6
 Statue Form              Tmut/Erth      0%         N/A       100%        6
 Summon Cactus Giant      Summ           0%         N/A       100%        6
 Dragon Form              Tmut           0%         N/A       100%        7
 Enfeeble                 Hex            0%         N/A       100%        7
 Malign Gateway           Summ/Tloc      0%         N/A       100%        7
 Monstrous Menagerie      Summ           0%         N/A       100%        7
 Ozocubu's Refrigeration  Ice            0%         4d7       100%        7
 Spellforged Servitor     Conj/Summ      0%         N/A       100%        7
 Storm Form               Tmut/Air       0%         N/A       100%        7
 Summon Hydra             Summ           0%         N/A       100%        7
 Borgnjor's Revivificati  Necr           0%         N/A       100%        8
 Disjunction              Tloc           0%         N/A       100%        8
 Ignition                 Fire           0%         3d3       100%        8
 Infestation              Necr           0%         N/A       100%        8
 Lehudib's Crystal Spear  Conj/Erth      0%         10d2      100%        8
 Maxwell's Capacitive Co  Air            0%         ∞         100%        8
 Necromutation            Tmut/Necr      0%         N/A       100%        8
 Summon Horrible Things   Summ           0%         N/A       100%        8
 Chain Lightning          Conj/Air       0%         N/A       100%        9
 Death's Door             Necr           0%         N/A       100%        9
 Dragon's Call            Summ           0%         N/A       100%        9
 Fire Storm               Conj/Fire      0%         5d1       100%        9
 Polar Vortex             Ice            0%         N/A       100%        9
 Shatter                  Erth           0%         3d5*      100%        9


Dungeon Overview and Level Annotations

Branches:
Dungeon (15/15)            Temple (0/1) D:7            Lair (5/5) D:9
 Shoals (4/4) Lair:3       Spider (4/4) Lair:3        Slime (5/5) Lair:5
    Orc (2/2) D:12            Elf (3/3) Orc:2        Vaults (5/5) D:14
  Crypt (1/3) Vaults:3     Depths (4/4) D:15            Zot (5/5) Depths:4
  IceCv (visited)         Desolation (visited)      Gauntlet (visited)

Altars:
Hepliaklqana
Kikubaaqudgha
Okawaru
Ru
Sif Muna
Uskayaw
Vehumet
Jiyva

Shops:
D:3 [   D:7 *   D:9 [   D:10 ?   D:12 =   D:13 =   Orc:2 (*(**   Elf:1 *?
Shoals:3 !   Vaults:1 (   Vaults:2 :   Vaults:5 (

Portals:
Hell: Depths:1 Depths:2 Depths:3 Depths:4
Abyss: D:6 Depths:1 Depths:2 Depths:3
Pandemonium: Depths:2 Depths:3 Depths:4

Annotations:
Slime:5 Royal Jelly
Zot:5 3 runed translucent doors, Kawoqao's ghost, legendary MiBe; Ytolar's ghost, legendary DsFi


Innate Abilities, Weirdness & Mutations

You have an unnaturally thin skeletal structure. (Dex +6, Stealth+++)
A powerful demonic guardian rushes to your aid.
A meltable icy envelope protects you from harm. (AC +8)
You are extremely robust. (+30% HP)
A meltable shield of frost defends you. (SH +4)
You have a sharp stinger which inflicts weakening toxins.
You have very sharp teeth.
You have large cloven feet.
You have a pair of horns on your head.
You are clumsy. (Dex -2)
Armour fits poorly on your strangely shaped body.
Your body sometimes deteriorates upon taking damage.
Your flesh is heat resistant. (rF+)
You have a considerably increased reservoir of magic. (+20% MP)
You occasionally shout uncontrollably at your foes.
You are weak. (Str -2)
Your spells are a little harder to cast, but a little more powerful.
Your body has grown eyes which may confuse attackers. (Acc +3)
Potions are less effective at restoring your health.
You sometimes lose the ability to read scrolls when taking damage.
You have hidden genetic defects.


Message History

You block the Executioner's attack. The Executioner misses you.
The Executioner hits you but does no damage.
The Executioner completely misses you. The Executioner closely misses you.
The Executioner hits you but does no damage.
The Executioner completely misses you. The Executioner closely misses you.
The Executioner hits you but does no damage.
You block the Brimstone Fiend's attack.
The Brimstone Fiend hits you but does no damage.
The Brimstone Fiend completely misses you.
You block the Executioner's attack.
The Executioner hits you but does no damage.
The Executioner completely misses you.
The Executioner attacks as you move away!
The Executioner completely misses you. The Executioner barely misses you.
You block the Executioner's attack.
The Executioner gestures.
The Executioner seems to speed up.
The Executioner hits you! The Executioner misses you.
You block the Executioner's attack. x2; The Executioner closely misses you.
The Executioner completely misses you.
The Executioner hits you but does no damage.
The Executioner closely misses you.
The Executioner hits you but does no damage.
You block the Executioner's attack. The Executioner closely misses you.
You block the Executioner's attack. You block the Brimstone Fiend's attack.
The Brimstone Fiend completely misses you.
The Brimstone Fiend misses you. The Executioner completely misses you.
The Executioner hits you but does no damage. x2
You block the Executioner's attack. The Executioner completely misses you.
You block the Executioner's attack. The Executioner completely misses you.
The Executioner barely misses you. The Executioner misses you.
There is a staircase leading out of the dungeon here.
You block the Executioner's attack. The Executioner completely misses you.
You block the Executioner's attack. The Executioner misses you.
The Executioner hits you but does no damage. x2
The Brimstone Fiend misses you. The Brimstone Fiend closely misses you.
The Brimstone Fiend hits you but does no damage.
The Executioner misses you. The Executioner completely misses you.
You block the Executioner's attack.
You have escaped!

#
#.....÷#####..##..##
###..#
#......#....#######
###.# #.........###
####...# #......#..#
###...(.##
#......#.##
###......##
#......###
###........# #
#......#
####.........## .
######...#
###..1XX..#....# .
...# #####
#...@1X###.....# .
...#
#......###.....## .
...#
#..##.###..#..## .
#### ## ### #######
#


You could see a Brimstone Fiend, an Executioner (fast) and 3 large abominations.

Vanquished Creatures
  7 dread liches
  5 orbs of fire
  6 ancient liches
  A juggernaut (Depths:4)
  7 pandemonium lords
  Josephina (Zot:3)
  21 royal mummies
  2 Killer Klowns (Zig:25)
  Xtahua (Vaults:5)
  4 curse toes
  A caustic shrike (Zig:18)
  Jory (Vaults:3)
  9 golden dragons
  2 bone dragons
  5 pearl dragons (Zig:19)
  A shard shrike zombie (Abyss:5)
  2 iron giants (Zig:27)
  2 Tzitzimimeh
  3 electric golems
  15 tentacled monstrosities
  2 Brimstone Fiends
  A doom hound (Zig:15)
  11 Hell Sentinels
  A walking crystal tome (Depths:3)
  3 hellephants (Zig:18)
  Mlioglotl (Spider:2)
  5 liches
  A tainted leviathan (Zig:15)
  6 titans (Vaults:5)
  An Ice Fiend (IceCv)
  7 quicksilver dragons
  23 Orb Guardians
  6 deep elf blademasters
  2 Executioners
  10 death cobs
  8 ancient champions
  9 deep elf master archers
  2 tentacled starspawn (Abyss:5)
  3 acid blobs (Slime:5)
  14 shadow dragons
  9 storm dragons
  5 sphinxes
  A thorn hunter (Abyss:5)
  2 daevas (Zig:19)
  A shadow dragon (shapeshifter) (Zig:25)
  The ghost of Kevimi the Acrobat, an adept FeNe of Sif Muna (Vaults:2)
  5 tengu reavers
  4 revenants
  4 azure jellies
  2 rockslimes
  4 draconian monks
  A demonspawn warmonger (D:12)
  6 fire giants
  4 draconian knights
  A nagaraja (Zig:9)
  8 quicksilver elementals (Zig:27)
  7 deep elf sorcerers
  4 emperor scorpions
  6 frost giants
  20 vault wardens
  3 iron dragons
  3 imperial myrmidons (Desolation)
  2 ghouls
  2 draconian scorchers (Zot:3)
  A caustic shrike zombie (Zig:23)
  A juggernaut zombie (Zig:23)
  3 deep elf elementalists (Elf:3)
  3 draconian shifters
  5 angels
  18 very ugly things
  3 ghost moths
  5 draconian stormcallers
  3 balrugs
  5 demonspawn blood saints
  6 orc warlords
  2 reapers
  A demonspawn corrupter (Zig:8)
  6 draconian annihilators
  2 quicksilver oozes
  3 spriggan defenders
  13 ironbound preservers
  2 ophanim (Zig:19)
  6 ironbound thunderhulks
  5 war gargoyles
  4 apis (Zig:19)
  13 black draconians
  2 vampire knights
  12 green draconians
  3 halazid warlocks (Desolation)
  10 deep elf annihilators
  The ghost of Zeldest the Geomancer, a journeyman DrRe of Ashenzari (Lair:3)
  A putrid mouth (Zig:15)
  4 purple draconians
  20 dire elephants
  6 deep elf demonologists
  41 stone giants
  8 white draconians
  11 red draconians
  11 yellow draconians
  6 bennus
  A spark wasp (shapeshifter) (Zig:25)
  3 spark wasps
  9 iron golems (Zig:27)
  A minotaur (Gauntlet)
  14 deep elf death magi
  2 blizzard demons
  An eidolon (Zig:24)
  3 ragged hierophants (Desolation)
  10 ettins
  5 merfolk javelineers
  4 crystal guardians
  6 jiangshi
  11 mummy priests
  4 merfolk impalers
  17 yaktaur captains
  8 fire dragons
  9 deep elf high priests
  A quicksilver dragon zombie (Zig:23)
  A spriggan zombie (Abyss:5)
  4 entropy weavers
  2 great orbs of eyes
  4 salamander tyrants
  12 peacekeepers
  5 rakshasas
  3 hell beasts
  7 ogre magi
  A jorogumo (shapeshifter) (Elf:2)
  4 servants of whispers (Desolation)
  Erolcha (D:9)
  4 catoblepae
  5 ice dragons
  18 vault guards
  A ghost crab (Zig:4)
  8 boulder beetles
  15 ironbound frosthearts
  8 spriggan air magi
  11 hydras
  A radroach (Spider:2)
  An alligator (Zig:20)
  17 centaur warriors
  28 dancing weapons
  A spriggan skeleton (Zig:23)
  5 merfolk aquamancers
  3 merfolk avatars
  A death knight (D:13)
  A boulder beetle (shapeshifter) (Zig:16)
  2 jorogumos
  32 two-headed ogres
  3 satyrs
  5 death yaks (Lair:5)
  An alligator snapping turtle (Shoals:1)
  A naga warrior (Vaults:2)
  9 deep troll earth magi
  7 deep troll shamans
  An orc high priest (Zig:7)
  3 vampire magi
  8 tengu warriors
  2 spriggan berserkers (Depths:1)
  5 death scarabs
  2 thrashing horrors (Abyss:5)
  4 naga sharpshooters
  5 soul eaters
  2 shock serpents (Zig:11)
  3 sun demons
  2 titan zombies (Zig:23)
  2 wretched stars
  22 deep elf knights
  A storm dragon zombie (Zot:2)
  16 iron trolls
  A spriggan (Depths:3)
  A crystal echidna (Zig:27)
  4 skysharks
  Sonja (D:10)
  A hell knight (D:15)
  2 sun moths
  2 sixfirhies
  4 large abominations
  2 quicksilver dragon simulacra
  2 pharaoh ants (Spider:4)
  2 shadow wraiths (Zig:24)
  40 deep trolls
  7 skeletal warriors
  A golden dragon zombie (Zig:23)
  A salamander mystic (Zig:26)
  The ghost of Bediveer the Skirmisher, a novice FoHu of Okawaru (D:6)
  11 sea snakes
  A naga ritualist (Zig:11)
  6 cherubim (Zig:19)
  2 death drakes (Zot:2)
  4 flayed ghosts
  2 swamp dragons (Zig:20)
  A tengu zombie (Zig:23)
  4 obsidian statues
  4 orb spiders
  6 spriggan simulacra (IceCv)
  A bog body (IceCv)
  A spriggan druid (Zig:18)
  17 ironbound convokers
  9 lindwurms
  A golden dragon skeleton (Zig:23)
  A shadow dragon zombie (Zig:23)
  6 harpies
  13 wizards
  5 necromancers
  2 orange crystal statues
  41 deep elf pyromancers
  4 steelbarb worms
  8 orc knights
  33 deep elf zephyrmancers
  5 phantasmal warriors
  7 fauns
  13 deep elf archers
  9 wolf spiders
  4 orc sorcerers
  2 iron dragon zombies (Zig:23)
  21 cyclopes
  2 shining eyes
  An iron dragon skeleton (Zig:21)
  32 ugly things
  18 elephants
  5 manticores
  14 moths of wrath
  2 rust devils (Depths:3)
  A worldbinder (Abyss:5)
  An eye of devastation (Slime:4)
  An ice statue (Spider:2)
  3 guardian serpents
  A stone giant skeleton (Vaults:3)
  3 merfolk sirens
  2 naga magi (Zig:26)
  6 black mambas
  15 cane toads
  5 demonic crawlers
  An apocalypse crab (Abyss:5)
  13 vault sentinels
  A molten gargoyle (Desolation)
  An orange demon (Abyss:3)
  Maggie (Lair:1)
  A smoke demon (Abyss:1)
  2 unseen horrors (D:11)
  2 hellions
  24 yaktaurs
  A gargoyle (D:12)
  4 rime drakes
  9 komodo dragons
  A tormentor (D:4)
  7 ice devils (IceCv)
  3 anaconda simulacra (IceCv)
  6 freezing wraiths
  A red devil (Depths:3)
  3 ancient zymes
  A burning bush (Lair:5)
  3 tengu conjurers
  17 guardian mummies
  12 polar bears
  An elf skeleton (Vaults:3)
  8 merfolk
  A golden dragon simulacrum (IceCv)
  6 wind drakes
  A wind drake (shapeshifter) (D:13)
  17 trolls
  A moth of wrath zombie (Zot:2)
  A draconian simulacrum (Zot:2)
  3 hornets
  A hellwing (Depths:2)
  A raiju (Abyss:1)
  2 dream sheep (Shoals:1)
  17 tarantellas
  46 saltlings (Desolation)
  9 blink frogs (Lair:5)
  9 flying skulls
  3 snapping turtles
  14 jumping spiders
  10 culicivoras
  A vampire (D:11)
  3 wraiths
  6 water elementals
  4 air elementals
  29 slime creatures
  6 ushabtiu
  8 wyverns
  38 yaks
  A shadow (D:11)
  4 chaos spawn
  24 redbacks
  2 fire elementals
  A hog (shapeshifter) (D:14)
  A human simulacrum (Vaults:3)
  13 humans (D:14)
  5 basilisks
  3 steam dragons
  2 hogs (Shoals:4)
  A white draconian simulacrum (Zot:2)
  A black draconian simulacrum (Zot:2)
  Menkaure (D:6)
  9 minotaur simulacra (IceCv)
  6 vampire mosquitoes
  4 wargs
  A harpy simulacrum (IceCv)
  A hell hound (Lair:5)
  8 water moccasins
  A spatial vortex (Abyss:3)
  15 black bears
  2 hydra simulacra (IceCv)
  2 ice beasts
  28 orc warriors
  5 sky beasts
  An ettin simulacrum (IceCv)
  An alligator simulacrum (IceCv)
  25 wolves
  42 ogres
  3 centaurs
  A human skeleton (Vaults:3)
  2 phantoms
  2 kobold brigands
  6 bullfrogs
  2 scorpions
  3 gnoll sergeants
  3 deep troll simulacra (IceCv)
  2 earth elementals
  3 wights (D:8)
  12 killer bees
  An electric eel (Lair:5)
  11 howler monkeys
  A quasit (Abyss:3)
  2 jellies (D:7)
  7 hounds
  2 small abominations
  12 orc priests
  A gnoll bouda (D:8)
  2 sleepcaps (D:7)
  10 starcursed masses
  5 hell rats
  3 iguanas
  9 orc wizards
  21 mummies
  11 gnolls
  4 adders
  2 shadow imps (Gauntlet)
  A white imp (D:6)
  2 ufetubi
  A worm zombie (Crypt:1)
  A worm (D:4)
  62 orcs
  3 endoplasms
  2 giant cockroaches
  3 goblins
  2 hobgoblins
  3 jackals (D:4)
  12 kobolds
  3 quokkas
  3 ball pythons
  A bat (D:2)
  A briar patch (Abyss:5)
  A fungus (Lair:5)
  A plant (Lair:2)
  A tentacle (Shoals:4)
2226 creatures vanquished.

Vanquished Creatures (collateral kills)
  A dread lich (Zig:13)
  An ancient lich (Zot:5)
  The ghost of Brigand the Thanatomancer, a legendary DEAE of Vehumet (Zig:14)
  4 pandemonium lords
  Bai Suzhen (Shoals:4)
  A Killer Klown (Zig:25)
  A caustic shrike (Zig:18)
  2 golden dragons
  3 bone dragons (Zig:15)
  6 Tzitzimimeh
  A tentacled monstrosity (Vaults:5)
  2 tainted leviathans (Zig:15)
  An Ice Fiend (D:9)
  4 Orb Guardians
  A quicksilver dragon (Zot:3)
  3 titans
  A lich (Zig:9)
  A deep elf blademaster (Zig:17)
  An ancient champion (Depths:1)
  Polyphemus (Shoals:4)
  A kraken (Shoals:4)
  4 acid blobs (Slime:5)
  A death cob (Zot:2)
  Kirke (Shoals:4)
  2 shadow dragons (Zig:14)
  A revenant (Zig:14)
  2 tengu reavers (Vaults:5)
  A nagaraja (Zig:9)
  A fire giant (Zig:13)
  An azure jelly (Slime:5)
  A daeva (Zig:19)
  A rockslime (Slime:5)
  A curse skull (Zig:24)
  An emperor scorpion (Zig:20)
  A spectral caustic shrike (Zig:15)
  A ghost moth (Zot:5)
  A juggernaut zombie (Zig:21)
  A draconian shifter (Zot:5)
  A spectral juggernaut (Zig:15)
  3 angels
  2 draconian stormcallers (Depths:4)
  A demonspawn blood saint (D:12)
  A reaper (Depths:3)
  A war gargoyle (Zig:27)
  A quicksilver ooze (Slime:5)
  3 ophanim (Zig:19)
  A demonspawn corrupter (Zig:15)
  A vampire knight (Zig:24)
  2 putrid mouths (Zig:15)
  An apis (Zig:19)
  A green draconian (Zot:5)
  A demonspawn black sun (Zig:14)
  5 deep elf annihilators
  A lorocyproca (Zig:8)
  2 white draconians
  2 black draconians (Zot:2)
  A blizzard demon (D:9)
  A deep elf death mage (Vaults:5)
  2 deep elf high priests
  A merfolk javelineer (Shoals:4)
  An ettin (Vaults:5)
  An entropy weaver (Spider:2)
  2 merfolk impalers (Shoals:4)
  A ragged hierophant (Desolation)
  A great orb of eyes (Slime:5)
  A servant of whispers (Desolation)
  3 vault guards (Vaults:5)
  2 jorogumos
  A peacekeeper (Desolation)
  A spriggan zombie (Zig:23)
  2 merfolk aquamancers
  2 hydras (Zig:18)
  A merfolk avatar (Shoals:4)
  2 boulder beetles (Spider:3)
  An alligator snapping turtle (Zig:20)
  A tengu warrior (Depths:3)
  A catoblepas (Shoals:4)
  3 satyrs
  A naga warrior (Zig:11)
  3 two-headed ogres
  A spriggan berserker (Depths:3)
  A deep troll earth mage (Vaults:5)
  7 death yaks
  2 thrashing horrors (Abyss:5)
  9 dancing weapons
  3 naga sharpshooters
  A vampire mage (Depths:3)
  2 deep elf knights
  A shock serpent (shapeshifter) (Zig:13)
  2 soul eaters (Zot:2)
  2 crystal echidnas (Zig:27)
  2 sun demons (Shoals:2)
  A salamander mystic (Zig:9)
  2 sun moths
  A skyshark (Shoals:1)
  3 sea snakes
  2 cherubim (Zig:19)
  2 deep trolls
  A skeletal warrior (Depths:1)
  6 deep elf archers
  A shadow demon (Abyss:3)
  3 spriggan simulacra
  A tengu zombie (Zig:21)
  A swamp dragon (Zig:20)
  9 orb spiders
  2 steelbarb worms (Spider:1)
  An ironbound convoker (Vaults:5)
  2 phantasmal warriors
  2 deep elf zephyrmancers
  2 harpies
  8 deep elf pyromancers
  A necromancer (Zig:9)
  An orc sorcerer (Zig:9)
  4 wolf spiders
  A mana viper (Zig:11)
  3 fauns (Shoals:3)
  3 cyclopes
  3 ugly things (D:15)
  4 merfolk sirens
  3 manticores (Shoals:4)
  4 moths of wrath
  3 black mambas
  A water nymph (Shoals:4)
  An iron dragon skeleton (Zig:21)
  5 demonic crawlers
  2 torpor snails
  A rime drake (Lair:5)
  An unseen horror (Abyss:5)
  A hellion (Zot:4)
  3 komodo dragons
  5 yaktaurs
  An ice devil (IceCv)
  2 freezing wraiths
  3 ancient zymes (Abyss:5)
  2 red devils
  6 guardian mummies
  2 tormentors (Zig:27)
  A hellwing (Abyss:5)
  13 merfolk
  2 wind drakes
  10 saltlings (Desolation)
  6 tarantellas
  A dream sheep (Shoals:2)
  2 snapping turtles
  2 air elementals
  14 jumping spiders
  4 flying skulls (Zig:21)
  5 slime creatures
  3 yaks
  3 wyverns
  2 culicivoras
  2 water elementals (Shoals:4)
  A dire elephant simulacrum (IceCv)
  6 ushabtiu (Zig:21)
  A hog (Shoals:4)
  A basilisk (Zig:18)
  15 redbacks
  A human (Shoals:4)
  2 vampire mosquitoes (Spider:4)
  A large abomination (Abyss:5)
  A neqoxec (Abyss:5)
  A minotaur simulacrum (IceCv)
  A chaos spawn (Abyss:5)
  2 glowing shapeshifter zombies (Zig:21)
  A water moccasin (Zig:18)
  2 small abominations (Abyss:3)
  An orc warrior (Zig:7)
  2 black bears (Zig:23)
  3 ogres (Zig:12)
  A wolf (Lair:3)
  2 earth elementals
  A gnoll sergeant (D:7)
  A deep troll simulacrum (IceCv)
  A killer bee (D:7)
  An electric eel (D:9)
  A quasit (D:6)
  A hound (D:9)
  An orc priest (D:9)
  13 starcursed masses
  3 hell rats
  20 mummies
  2 gnolls (D:9)
  2 orcs (Orc:1)
  3 kobolds
  A lurking horror (Abyss:5)
  2 tentacles (Shoals:4)
443 creatures vanquished.

Vanquished Creatures (others)
  3 ancient liches
  An orb of fire (Zot:5)
  10 Killer Klowns
  A curse toe (Zig:14)
  2 caustic shrikes (Zig:27)
  A golden dragon (Zot:5)
  A profane servitor (Zig:24)
  Arachne (Spider:4)
  An electric golem (Zot:5)
  6 iron giants (Zig:27)
  9 pandemonium lords (Zig:25)
  2 liches
  5 Orb Guardians
  2 deep elf master archers
  3 deep elf blademasters
  An acid blob (Abyss:5)
  A draconian monk (Zot:5)
  A shadow dragon (Zig:26)
  A sphinx (Zig:26)
  A storm dragon (Vaults:5)
  2 tengu reavers (Zig:26)
  An azure jelly (shapeshifter) (Zig:25)
  5 nagarajas
  2 quicksilver elementals (Zig:27)
  5 draconian knights
  A fenstrider witch (shapeshifter) (Zig:25)
  A frost giant (shapeshifter) (Zig:25)
  4 revenants (Zig:14)
  An iron dragon (Zig:27)
  6 deep elf sorcerers
  3 draconian scorchers
  3 angels (Zig:19)
  A war gargoyle (Zig:27)
  A demonspawn blood saint (Zig:26)
  3 very ugly things (Zig:25)
  3 draconian annihilators (Zig:26)
  2 ophanim (Zig:19)
  An apis (Zig:19)
  A putrid mouth (Zig:15)
  4 deep elf demonologists
  A demonspawn black sun (Zig:14)
  A black draconian (Zot:5)
  A white draconian (Zot:5)
  3 yellow draconians
  A dire elephant (Zig:18)
  A purple draconian (Zot:3)
  5 deep elf annihilators
  A dire elephant (shapeshifter) (Zig:25)
  2 red draconians
  3 eidola (Zig:14)
  A mummy priest (Zig:21)
  A blizzard demon (Zig:8)
  An iron golem (Zig:27)
  A merfolk javelineer (Shoals:4)
  3 deep elf death magi
  A yaktaur captain (Zig:13)
  An ettin (Zig:13)
  5 deep elf high priests
  8 great orbs of eyes
  2 hydras (Zig:18)
  7 vault guards (Vaults:5)
  A jorogumo (Spider:4)
  A ragged hierophant (Desolation)
  A rakshasa (Depths:3)
  2 salamander tyrants (Zig:11)
  An ice dragon (Zig:26)
  3 ghost crabs (Zig:14)
  3 spriggan air magi
  A merfolk aquamancer (Shoals:4)
  A centaur warrior (Vaults:1)
  An anaconda (shapeshifter) (Zig:25)
  3 dancing weapons
  2 death yaks
  A deep troll earth mage (Vaults:5)
  2 vampire magi (Zig:24)
  A deep troll shaman (Depths:1)
  A naga sharpshooter (Zig:12)
  7 deep elf knights
  2 hell knights
  2 soul eaters
  5 crystal echidnas (Zig:27)
  2 sea snakes
  A cherub (Zig:19)
  3 glowing orange brains (shapeshifter)
  4 glowing orange brains
  A deep troll (shapeshifter) (Depths:4)
  An orb spider (shapeshifter) (Zig:25)
  2 phantasmal warriors (Zig:14)
  A naga ritualist (Zig:11)
  2 deep elf archers
  4 necromancers (Zig:26)
  A lindwurm (shapeshifter) (Zig:13)
  A lindwurm (Vaults:1)
  A harpy (Shoals:3)
  2 ironbound convokers
  2 large abominations (Abyss:5)
  4 deep elf zephyrmancers
  4 wizards
  2 deep elf pyromancers
  14 oklob plants (Zig:22)
  An ugly thing (Depths:1)
  A worldbinder (Abyss:5)
  2 orc sorcerers
  A manticore (Shoals:4)
  An apocalypse crab (Zig:25)
  A guardian serpent (Zig:20)
  A black mamba (Zig:11)
  2 vault sentinels
  7 naga magi (Zig:26)
  3 moths of wrath
  A black mamba (shapeshifter) (D:14)
  An unseen horror (D:13)
  A hellion (Zig:27)
  2 cane toads (Zig:18)
  A rime drake (Zig:18)
  2 komodo dragons (Zig:18)
  2 guardian mummies (Zig:21)
  A tormentor (Zig:27)
  A freezing wraith (Vaults:5)
  A yaktaur (Vaults:5)
  A meliai (shapeshifter) (Zig:13)
  A bloated husk (Zig:20)
  A queen bee (shapeshifter) (Zig:13)
  A merfolk (Shoals:4)
  A tarantella (Zig:20)
  A tarantella (shapeshifter) (Depths:3)
  A wind drake (shapeshifter) (Vaults:5)
  A blink frog (Zig:18)
  14 slime creatures
  A dream sheep (shapeshifter) (Vaults:5)
  2 saltlings (Desolation)
  A culicivora (Spider:3)
  A spriggan (Zig:20)
  An air elemental (Zig:16)
  5 water elementals
  2 yaks (Zig:18)
  4 humans
  A fire elemental (Zig:10)
  A chaos spawn (Zig:25)
  A neqoxec (Abyss:5)
  4 redbacks
  A floating eye (shapeshifter) (Vaults:5)
  A black bear (Zig:26)
  A boggart (shapeshifter) (Vaults:5)
  2 ogres
  141 jellies
  2 orc priests
  An orc wizard (Orc:2)
  7 mummies
  A shadow imp (Gauntlet)
  A white imp (Gauntlet)
  10 orcs
  An orc (shapeshifter) (Vaults:5)
  9 ball lightnings (Zig:25)
  2 briar patches (Abyss:5)
  20 fungi (Lair:5)
  A lurking horror (Abyss:5)
  123 plants
  8 starspawn tentacles
  2 tentacles (Shoals:4)
  A withered plant (Gauntlet)
660 creatures vanquished.

Grand Total: 3329 creatures vanquished

Notes
Turn   | Place    | Note
-------+----------+-------------------------------------------
     0 | D:1      | DiggyJ the Demonspawn Berserker began the quest for the
                  | Orb.
     0 | D:1      | Reached XP level 1. HP: 18/18 MP: 1/1
     0 | D:1      | Entered explore mode.
   168 | D:1      | Slain by a hobgoblin (5 damage)
   277 | D:2      | Gained mutation: You occasionally lose the ability to read
                  | scrolls when taking damage. [potion of mutation]
   277 | D:2      | Gained mutation: You are strong-willed. (Will+) [potion of
                  | mutation]
   277 | D:2      | Gained mutation: You occasionally shout uncontrollably at
                  | your foes. [potion of mutation]
   277 | D:2      | Gained mutation: You possess an exceptional clarity of
                  | mind. [potion of mutation]
   331 | D:2      | Gained mutation: A meltable shield of frost defends you.
                  | (SH +4) [demonic ancestry]
   331 | D:2      | Reached XP level 2. HP: 20/24 MP: 2/2
   408 | D:3      | Found Tubofuja's Antique Armour Emporium.
   486 | D:4      | Noticed a scorpion
   493 | D:4      | Killed by nerve-wracking pain
                  | ... invoked by an orc priest
                  | (13 damage)
   501 | D:4      | Slain by an orc priest
                  | ... wielding a +0 short sword
                  | (4 damage)
   505 | D:4      | HP: 1/24 [poisoned by a scorpion]
   505 | D:4      | Slain by an orc priest
                  | ... wielding a +0 short sword
                  | (2 damage)
   508 | D:4      | Killed a scorpion
   509 | D:4      | Reached XP level 3. HP: 22/29 MP: 3/3
   509 | D:4      | Reached XP level 4. HP: 27/35 MP: 4/4
   701 | D:4      | Gained mutation: A weak demonic guardian rushes to your
                  | aid. [demonic ancestry]
   701 | D:4      | Reached XP level 5. HP: 35/41 MP: 5/5
   707 | D:5      | Entered Level 5 of the Dungeon
   774 | D:5      | Identified the +3 kite shield of a Gauntlet {+Blink rN+
                  | Int+4 Dex-2}
   793 | D:5      | Reached skill level 1 in Shields
  1068 | D:5      | Noticed a centaur
  1080 | D:5      | HP: 1/42 [centaur (2)]
  1081 | D:5      | Slain by a centaur (1 damage)
  1086 | D:5      | Killed a centaur
  1087 | D:5      | Reached skill level 1 in Stealth
  1087 | D:5      | Gained mutation: A meltable icy envelope protects you from
                  | harm. (AC +8) [demonic ancestry]
  1087 | D:5      | Reached XP level 6. HP: 36/48 MP: 6/6
  1259 | D:5      | Slain by a centaur (6 damage)
  1273 | D:5      | Reached skill level 5 in Unarmed Combat
  1422 | D:5      | Gained mutation: You have a small tail. [demonic ancestry]
  1422 | D:5      | Reached XP level 7. HP: 51/54 MP: 7/7
  2106 | D:6      | Noticed Menkaure
  2115 | D:6      | Killed Menkaure
  2203 | D:6      | Noticed an ancient zyme
  2240 | D:6      | Found a transporter.
  2275 | D:6      | Found a transporter.
  2304 | D:6      | HP: 1/55 [ancient zyme (2)]
  2305 | D:6      | Mangled by an ancient zyme (7 damage)
  2308 | D:6      | Slain by an ancient zyme (11 damage)
  2310 | D:6      | Killed an ancient zyme
  2310 | D:6      | Reached ** piety under Trog
  2311 | D:6      | Gained mutation: A demonic guardian rushes to your aid.
                  | [demonic ancestry]
  2311 | D:6      | Reached XP level 8. HP: 61/61 MP: 8/8
  2456 | D:6      | Found a one-way gate to the infinite horrors of the Abyss.
  2456 | D:6      | Noticed Bediveer's ghost (novice FoHu)
  2462 | D:6      | Slain by a gnoll sergeant
                  | ... wielding a +1 spear of distortion
                  | (6 damage)
  2462 | Abyss:1  | Cast into level 1 of the Abyss (gnoll sergeant)
  2484 | D:6      | Escaped the Abyss
  2492 | D:6      | Killed Bediveer's ghost
  2493 | D:6      | Reached skill level 5 in Fighting
  2493 | D:6      | Reached skill level 5 in Dodging
  2672 | D:6      | Voluntarily entered the Abyss.
  2695 | Abyss:1  | Noticed a smoke demon
  2695 | Abyss:1  | Noticed a raiju
  2705 | Abyss:1  | Killed from afar by a raiju (19 damage)
                  | ... with a living lightning
  2710 | Abyss:1  | Killed a smoke demon
  2711 | Abyss:1  | Killed a raiju
  2712 | Abyss:1  | Reached XP level 9. HP: 68/68 MP: 9/9
  2733 | Abyss:2  | Found a corrupted altar of Lugonu.
  2733 | Abyss:2  | Found a corrupted altar of Lugonu.
  2735 | Abyss:2  | Found a corrupted altar of Lugonu.
  2874 | Abyss:2  | Noticed a sun demon
  2892 | Abyss:2  | Noticed a wretched star
  2901 | Abyss:2  | Killed from afar by a wretched star (15 damage)
                  | ... with a lance of force
  2907 | Abyss:2  | Noticed a large abomination
  2913 | Abyss:2  | Killed a wretched star
  2914 | Abyss:2  | Mangled by a large abomination (18 damage)
  2915 | Abyss:2  | Noticed a sun demon
  2923 | Abyss:2  | Killed a large abomination
  2929 | Abyss:2  | HP: 2/48 [sun demon (22)]
  2929 | Abyss:2  | Demolished by a sun demon (19 damage)
  2935 | Abyss:2  | Slain by a sun demon (10 damage)
  2936 | Abyss:2  | Killed a sun demon
  2971 | Abyss:3  | Found a corrupted altar of Lugonu.
  2989 | Abyss:3  | Gained mutation: A meltable icy envelope protects you from
                  | harm. (AC +8) [demonic ancestry]
  2989 | Abyss:3  | Reached XP level 10. HP: 58/61 MP: 8/8
  2989 | Abyss:3  | Noticed a starcursed mass
  3001 | Abyss:3  | Noticed a shadow demon
  3002 | Abyss:3  | Noticed a green very ugly thing
  3007 | Abyss:3  | Noticed a green ugly thing
  3009 | Abyss:3  | Noticed a green very ugly thing
  3010 | Abyss:3  | Killed from afar by a starcursed mass (12 damage)
                  | ... with an accursed screaming
  3011 | Abyss:3  | Noticed a green ugly thing
  3014 | Abyss:3  | Paralysed by accursed screaming for 2 turns
  3017 | Abyss:3  | Noticed a thrashing horror
  3018 | Abyss:3  | Killed from afar by a starcursed mass (10 damage)
                  | ... with an accursed screaming
  3018 | Abyss:3  | Paralysed by accursed screaming for 2 turns
  3022 | Abyss:3  | Paralysed by accursed screaming for 2 turns
  3022 | Abyss:3  | HP: 3/61 [starcursed mass (1)]
  3022 | Abyss:3  | Slain by a starcursed mass (8 damage)
                  | ... while paralysed by accursed screaming
  3025 | Abyss:3  | Killed from afar by a starcursed mass (14 damage)
                  | ... with an accursed screaming
  3027 | Abyss:3  | Killed a shadow demon
  3037 | Abyss:3  | Killed from afar by a starcursed mass (9 damage)
                  | ... with an accursed screaming
  3043 | Abyss:3  | Killed a starcursed mass
  3088 | Abyss:3  | Noticed an orange demon
  3088 | Abyss:3  | Noticed a profane servitor
  3095 | Abyss:3  | Killed an orange demon
  3096 | Abyss:3  | Reached skill level 10 in Unarmed Combat
  3097 | Abyss:3  | HP: 5/114 [profane servitor/+1 whip of freezing (1)]
  3099 | Abyss:3  | Succumbed to an orange demon's poison
  3105 | Abyss:3  | Slain by a profane servitor
                  | ... wielding a +1 whip of freezing
                  | (7 damage)
  3120 | Abyss:3  | Slain by a large abomination (19 damage)
  3124 | Abyss:3  | Demolished by a profane servitor
                  | ... wielding a +1 whip of freezing
                  | (23 damage)
  3128 | Abyss:3  | HP: 2/74 [profane servitor/+1 whip of freezing (11)]
  3128 | Abyss:3  | Slain by a profane servitor
                  | ... wielding a +1 whip of freezing
                  | (5 damage)
  3135 | Abyss:3  | Slain by a profane servitor
                  | ... wielding a +1 whip of freezing
                  | (7 damage)
  3139 | Abyss:3  | Slain by a profane servitor
                  | ... wielding a +1 whip of freezing
                  | (17 damage)
  3142 | Abyss:3  | Slain by a profane servitor
                  | ... wielding a +1 whip of freezing
                  | (18 damage)
  3145 | Abyss:3  | Noticed a tentacled starspawn
  3145 | Abyss:3  | Slain by a profane servitor
                  | ... wielding a +1 whip of freezing
                  | (9 damage)
  3148 | Abyss:3  | Slain by a profane servitor
                  | ... wielding a +1 whip of freezing
                  | (5 damage)
  3150 | Abyss:3  | HP: 3/67 [profane servitor/+1 whip of freezing (5)]
  3150 | Abyss:3  | Slain by a profane servitor
                  | ... wielding a +1 whip of freezing
                  | (2 damage)
  3152 | Abyss:3  | HP: 1/64 [profane servitor/+1 whip of freezing (3)]
  3152 | Abyss:3  | Mangled by a profane servitor
                  | ... wielding a +1 whip of freezing
                  | (7 damage)
  3154 | Abyss:3  | Noticed a thrashing horror
  3156 | Abyss:3  | Noticed a starcursed mass
  3158 | Abyss:3  | HP: 1/63 [profane servitor/+1 whip of freezing (21)]
  3158 | Abyss:3  | Slain by a profane servitor
                  | ... wielding a +1 whip of freezing
                  | (2 damage)
  3162 | Abyss:3  | Noticed a spatial maelstrom
  3163 | Abyss:3  | Mangled by a profane servitor
                  | ... wielding a +1 whip of freezing
                  | (13 damage)
  3169 | Abyss:3  | Mangled by a profane servitor
                  | ... wielding a +1 whip of freezing
                  | (14 damage)
  3174 | Abyss:3  | Slain by a spatial maelstrom (6 damage)
  3175 | Abyss:3  | Slain by a profane servitor
                  | ... wielding a +1 whip of freezing
                  | (13 damage)
  3178 | Abyss:3  | Slain by a profane servitor
                  | ... wielding a +1 whip of freezing
                  | (12 damage)
  3182 | Abyss:3  | Slain by a spatial maelstrom (8 damage)
  3192 | Abyss:3  | Killed from afar by a raiju (21 damage)
                  | ... with a living lightning
  3198 | Abyss:3  | Noticed a bone dragon
  3203 | Abyss:4  | Noticed a starcursed mass
  3206 | Abyss:4  | Killed from afar by a starcursed mass (6 damage)
                  | ... with an accursed screaming
  3222 | D:6      | Escaped the Abyss
  3895 | D:7      | Found a staircase to the Ecumenical Temple.
  4606 | D:7      | Found a sacrificial altar of Ru.
  4624 | D:7      | Found Ebbodoi's Assorted Antiques.
  4641 | D:7      | Bought a pair of runed boots for 187 gold pieces
  5045 | D:7      | HP: 3/79 [killer bee (5)]
  5046 | D:7      | Succumbed to a killer bee's poison
  5219 | D:8      | Reached XP level 11. HP: 84/84 MP: 11/11
  5568 | D:8      | Found a radiant altar of Vehumet.
  5571 | D:8      | Found a hide-covered altar of Uskayaw.
  5573 | D:8      | Found a hazy altar of Hepliaklqana.
  5587 | D:8      | Identified the +8 short sword of the Kidney {vamp, rF-
                  | rCorr Int+5 SInv}
  6010 | D:9      | Noticed Erolcha
  6023 | D:9      | Killed Erolcha
  6023 | D:9      | Reached *** piety under Trog
  6036 | D:9      | Noticed a two-headed ogre
  6053 | D:9      | HP: 2/84 [two-headed ogre/+0 giant club (5)]
  6055 | D:9      | Mangled by a two-headed ogre
                  | ... wielding a +0 giant club
                  | (11 damage)
  6056 | D:9      | Killed a two-headed ogre
  6131 | D:9      | Found a staircase to the Lair.
  6141 | D:9      | HP: 4/84 [orc priest/divine providence (11)]
  6141 | D:9      | Killed from afar by an electric eel (6 damage)
                  | ... with a bolt of electricity
  6168 | D:9      | Reached skill level 5 in Shields
  6172 | D:9      | Slain by a troll (8 damage)
  6430 | D:9      | Found Epoutip's Armour Emporium.
  6820 | Lair:1   | Entered Level 1 of the Lair of Beasts
  7105 | Lair:1   | HP: 2/84 [basilisk (5)]
  7107 | Lair:1   | Succumbed to a black mamba's poison
  7169 | Lair:1   | Reached **** piety under Trog
  7573 | Lair:1   | Noticed Maggie
  7584 | Lair:1   | Killed Maggie
  7909 | Lair:1   | Noticed a deep troll
  7922 | Lair:1   | Killed a deep troll
  7925 | Lair:1   | Engulfed by a cloud of flame (18 damage)
  8455 | Lair:2   | Gained mutation: You have a tail ending in a sharp stinger.
                  | [demonic ancestry]
  8455 | Lair:2   | Reached XP level 12. HP: 67/92 MP: 12/12
  9010 | Lair:3   | Found a hole to the Spider Nest.
  9105 | Spider:1 | Entered Level 1 of the Spider Nest
  9129 | Spider:1 | Slain by a redback (9 damage)
  9140 | Spider:1 | Mangled by a culicivora (13 damage)
  9145 | Spider:1 | Reached skill level 10 in Dodging
  9243 | Spider:2 | HP: 5/138 [jumping spider (9)]
  9244 | Spider:2 | Succumbed to a redback's poison
  9257 | Spider:2 | Found a frozen archway.
  9266 | Spider:2 | Killed from afar by an ice statue (26 damage)
                  | ... with a freezing blast
  9279 | IceCv    | Entered an ice cave
  9416 | IceCv    | Slain by a deep troll simulacrum (14 damage)
  9635 | IceCv    | HP: 4/92 [minotaur simulacrum (40)]
  9635 | IceCv    | Demolished by a minotaur simulacrum (23 damage)
  9638 | IceCv    | Annihilated by a minotaur simulacrum (32 damage)
  9641 | IceCv    | Mangled by a minotaur simulacrum (41 damage)
  9652 | IceCv    | HP: 1/138 [anaconda simulacrum (18)]
  9656 | IceCv    | Mangled by an anaconda simulacrum (10 damage)
  9698 | IceCv    | Demolished by a deep troll simulacrum (24 damage)
  9701 | IceCv    | Slain by a deep troll simulacrum (29 damage)
  9704 | IceCv    | Annihilated by a deep troll simulacrum (29 damage)
  9706 | IceCv    | Slain by a spriggan defender simulacrum (9 damage)
  9707 | IceCv    | Slain by a spriggan defender simulacrum (38 damage)
  9710 | IceCv    | Slain by a spriggan defender simulacrum (15 damage)
  9711 | IceCv    | Slain by an ice devil (8 damage)
  9714 | IceCv    | Mangled by an ice devil (16 damage)
  9717 | IceCv    | Annihilated by an anaconda simulacrum (28 damage)
  9719 | IceCv    | Demolished by a spriggan defender simulacrum (34 damage)
  9724 | IceCv    | Mangled by a spriggan defender simulacrum (23 damage)
  9754 | IceCv    | Demolished by a spriggan defender simulacrum (41 damage)
  9760 | IceCv    | Mangled by a spriggan defender simulacrum (20 damage)
  9812 | IceCv    | Slain by a freezing wraith (8 damage)
  9817 | IceCv    | Slain by a minotaur simulacrum (37 damage)
  9819 | IceCv    | Slain by an ice devil (21 damage)
  9823 | IceCv    | Demolished by a spriggan defender simulacrum (34 damage)
  9837 | IceCv    | HP: 3/94 [something (18)]
  9838 | IceCv    | Engulfed by a cloud of freezing vapour (16 damage)
  9889 | IceCv    | Noticed an Ice Fiend
  9893 | IceCv    | HP: 1/141 [Ice Fiend (29)]
  9897 | IceCv    | Killed from afar by an Ice Fiend (2 damage)
                  | ... with a bolt of cold
  9901 | IceCv    | Annihilated by an Ice Fiend (49 damage)
  9905 | IceCv    | Killed an Ice Fiend
  9921 | IceCv    | Gained mutation: You have a somewhat thin skeletal
                  | structure. (Dex +2, Stealth+) [demonic ancestry]
  9921 | IceCv    | Reached XP level 13. HP: 26/99 MP: 13/13
  9929 | IceCv    | Mangled by a freezing wraith (18 damage)
  9935 | IceCv    | HP: 1/99 [seven-headed hydra simulacrum (5)]
  9935 | IceCv    | Demolished by a seven-headed hydra simulacrum (19 damage)
 10188 | IceCv    | Lost mutation: You possess an exceptional clarity of mind.
                  | [potion of mutation]
 10188 | IceCv    | Lost mutation: You are strong-willed. (Will+) [potion of
                  | mutation]
 10188 | IceCv    | Lost mutation: You occasionally lose the ability to read
                  | scrolls when taking damage. [potion of mutation]
 10188 | IceCv    | Gained mutation: Armour fits poorly on your strangely
                  | shaped body. [potion of mutation]
 10188 | IceCv    | Gained mutation: You are agile. (Dex +4, Str/Int -1)
                  | [potion of mutation]
 10188 | IceCv    | Gained mutation: Your spells are a little harder to cast,
                  | but a little more powerful. [potion of mutation]
 10241 | IceCv    | Slain by a spriggan defender simulacrum (15 damage)
 10242 | IceCv    | Reached ***** piety under Trog
 10256 | IceCv    | Slain by a spriggan defender simulacrum (21 damage)
 10264 | IceCv    | HP: 1/99 [minotaur simulacrum (18)]
 10264 | IceCv    | Demolished by a minotaur simulacrum (15 damage)
 10269 | IceCv    | Mangled by a minotaur simulacrum (14 damage)
 10319 | IceCv    | HP: 2/99 [golden dragon simulacrum (22)]
 10319 | IceCv    | Mangled by a golden dragon simulacrum (9 damage)
 10419 | IceCv    | HP: 3/99 [deep troll simulacrum (8)]
 10419 | IceCv    | Mangled by a deep troll simulacrum (11 damage)
 10991 | Spider:2 | HP: 2/99 [jumping spider (13)]
 10991 | Spider:2 | Slain by a demonic crawler (6 damage)
 10998 | Spider:2 | HP: 1/148 [tarantella (11)]
 10999 | Spider:2 | Succumbed to a redback's poison
 11018 | Spider:2 | HP: 3/100 [jumping spider (12)]
 11024 | Spider:2 | Slain by a jumping spider (6 damage)
 11289 | Spider:2 | Noticed Mlioglotl
 11309 | Spider:2 | HP: 4/100 [poisoned by a redback]
 11310 | Spider:2 | Succumbed to a redback's poison
 11311 | Spider:2 | Gained mutation: You occasionally lose the ability to read
                  | scrolls when taking damage. [a neqoxec]
 11313 | Spider:2 | Demolished by Mlioglotl (22 damage)
 11316 | Spider:2 | Demolished by Mlioglotl (28 damage)
 11321 | Spider:2 | Noticed a starcursed mass
 11321 | Spider:2 | Slain by Mlioglotl (12 damage)
 11323 | Spider:2 | Gained mutation: Your magical capacity is low. (-10% MP) [a
                  | neqoxec]
 11326 | Spider:2 | HP: 3/100 [steelbarb worm (5)]
 11326 | Spider:2 | Killed from afar by a starcursed mass (8 damage)
                  | ... with an accursed screaming
                  | ... summoned by Mlioglotl
 11330 | Spider:2 | Killed from afar by a starcursed mass (13 damage)
                  | ... with an accursed screaming
                  | ... summoned by Mlioglotl
 11333 | Spider:2 | HP: 5/101 [sixfirhy[Mlioglotl] (10)]
 11333 | Spider:2 | Demolished by Mlioglotl (24 damage)
 11335 | Spider:2 | HP: 2/101 [sixfirhy[Mlioglotl] (10)]
 11335 | Spider:2 | Demolished by Mlioglotl (18 damage)
 11336 | Spider:2 | Killed Mlioglotl
 11355 | Spider:2 | Reached skill level 1 in Evocations
 11363 | Spider:2 | HP: 3/101 [jumping spider (8)]
 11790 | Spider:2 | HP: 2/101 [entropy weaver (12)]
 11790 | Spider:2 | Slain by a jumping spider (2 damage)
 11793 | Spider:2 | Slain by a redback (9 damage)
 11797 | Spider:2 | Succumbed to a redback's poison
 11800 | Spider:2 | HP: 4/101 [redback (2)]
 11801 | Spider:2 | Succumbed to a redback's poison
 11805 | Spider:2 | HP: 2/101 [redback (11)]
 11805 | Spider:2 | Slain by a redback (5 damage)
 11808 | Spider:2 | Mangled by a redback (14 damage)
 11810 | Spider:2 | Succumbed to a redback's poison
 11814 | Spider:2 | HP: 1/101 [redback (8)]
 11815 | Spider:2 | Succumbed to a redback's poison
 11822 | Spider:2 | HP: 1/101 [poisoned by a redback]
 11823 | Spider:2 | Succumbed to a redback's poison
 11970 | Spider:2 | HP: 3/101 [wolf spider (10)]
 11971 | Spider:2 | Succumbed to a wolf spider's poison
 12095 | Spider:2 | Found a hide-covered altar of Uskayaw.
 12233 | Spider:2 | Slain by a demonic crawler (10 damage)
 12514 | Spider:3 | Mangled by a ghost moth (12 damage)
 12525 | Spider:3 | Killed a ghost moth
 12552 | Spider:3 | HP: 5/102 [demonic crawler (8)]
 12555 | Spider:3 | Slain by a demonic crawler (8 damage)
 12577 | Spider:4 | Entered Level 4 of the Spider Nest
 12605 | Spider:4 | Reached skill level 5 in Stealth
 12632 | Spider:4 | Reached skill level 15 in Unarmed Combat
 12746 | Spider:4 | Noticed an emperor scorpion
 12763 | Spider:4 | Killed an emperor scorpion
 12764 | Spider:4 | Gained mutation: A powerful demonic guardian rushes to your
                  | aid. [demonic ancestry]
 12764 | Spider:4 | Reached XP level 14. HP: 66/109 MP: 12/12
 13270 | Spider:4 | HP: 2/109 [poisoned by a wolf spider]
 13271 | Spider:4 | Succumbed to a wolf spider's poison
 13275 | Spider:4 | HP: 5/109 [jumping spider (5)]
 13275 | Spider:4 | Blown up by an orb spider (40 damage)
                  | ... with an orb of destruction
 13287 | Spider:4 | HP: 5/109 [disintegration (31)]
 13291 | Spider:4 | Blown up by an orb spider (18 damage)
                  | ... with a wavering orb of destruction
 13325 | Spider:4 | HP: 2/109 [tarantella simulacrum (4)]
 13325 | Spider:4 | Slain by a tarantella simulacrum (4 damage)
 13325 | Spider:4 | Noticed an emperor scorpion
 13332 | Spider:4 | HP: 1/109 [poisoned by a redback]
 13333 | Spider:4 | Succumbed to a redback's poison
 13338 | Spider:4 | HP: 3/109 [poisoned by a redback]
 13339 | Spider:4 | Succumbed to a redback's poison
 13352 | Spider:4 | HP: 3/162 [poisoned by an emperor scorpion]
 13353 | Spider:4 | Succumbed to an emperor scorpion's poison
 13357 | Spider:4 | Killed an emperor scorpion
 13363 | Spider:4 | HP: 1/163 [redback simulacrum (9)]
 13363 | Spider:4 | Mangled by a redback simulacrum (10 damage)
 13369 | Spider:4 | HP: 2/109 [poisoned by a jorogumo]
 13370 | Spider:4 | Succumbed to a jorogumo's poison
 13371 | Spider:4 | Paralysed by a jorogumo for 1 turns
 13372 | Spider:4 | Slain by a jumping spider (4 damage)
 13373 | Spider:4 | Noticed an emperor scorpion
 13375 | Spider:4 | Succumbed to a redback's poison
 13377 | Spider:4 | HP: 1/106 [tarantella (16)]
 13377 | Spider:4 | Slain by a jumping spider (3 damage)
 13379 | Spider:4 | Mangled by a redback (8 damage)
 13386 | Spider:4 | Succumbed to a redback's poison
 13387 | Spider:4 | HP: 1/95 [jorogumo/bolt of negative energy (41)]
 13388 | Spider:4 | Succumbed to a jorogumo's poison
 13392 | Spider:4 | Succumbed to a redback's poison
 13395 | Spider:4 | Slain by an emperor scorpion (6 damage)
 13398 | Spider:4 | HP: 2/94 [poisoned by a redback]
 13398 | Spider:4 | Slain by a redback (7 damage)
 13403 | Spider:4 | HP: 3/94 [poisoned by a redback]
 13404 | Spider:4 | Succumbed to a redback's poison
 13409 | Spider:4 | Succumbed to an emperor scorpion's poison
 13419 | Spider:4 | HP: 2/96 [emperor scorpion (4)]
 13422 | Spider:4 | Mangled by an emperor scorpion (7 damage)
 13423 | Spider:4 | Killed an emperor scorpion
 13424 | Spider:4 | Reached skill level 10 in Fighting
 13439 | Spider:4 | HP: 2/101 [poisoned by a redback]
 13439 | Spider:4 | Slain by a redback (3 damage)
 13443 | Spider:4 | Succumbed to a redback's poison
 13445 | Spider:4 | Noticed a ghost moth
 13452 | Spider:4 | HP: 3/101 [poisoned by a redback]
 13453 | Spider:4 | HP: 1/101 [poisoned by a redback]
 13453 | Spider:4 | Demolished by a ghost moth (15 damage)
 13459 | Spider:4 | Killed a ghost moth
 13477 | Spider:4 | Blown up by an orb spider (29 damage)
                  | ... with a wavering orb of destruction
 13492 | Spider:4 | Noticed Arachne
 13496 | Spider:4 | Slain by Arachne
                  | ... wielding a staff of poison
                  | (10 damage)
 13499 | Spider:4 | Demolished by a torpor snail (31 damage)
 13506 | Spider:4 | Mangled by a torpor snail (35 damage)
 13509 | Spider:4 | Succumbed to a redback's poison
 13510 | Spider:4 | Mangled by Arachne
                  | ... wielding a staff of poison
                  | (16 damage)
 13512 | Spider:4 | Succumbed to Arachne's poison
 13514 | Spider:4 | Mangled by Arachne
                  | ... wielding a staff of poison
                  | (29 damage)
 13515 | Spider:4 | Killed Arachne
 13516 | Spider:4 | Reached skill level 5 in Armour
 13524 | Spider:4 | Reached ****** piety under Trog
 13912 | Spider:4 | Blown up by an orb spider (62 damage)
                  | ... with an orb of destruction
 14107 | Spider:4 | Noticed a ghost moth
 14115 | Spider:4 | Killed a ghost moth
 14188 | Spider:4 | Got a gossamer rune of Zot
 14374 | Spider:4 | Received a gift from Trog
 14975 | Spider:4 | HP: 5/111 [demonic crawler (4)]
 14975 | Spider:4 | Slain by a demonic crawler (6 damage)
 14980 | Spider:4 | HP: 5/111 [demonic crawler (11)]
 14980 | Spider:4 | Slain by a demonic crawler (9 damage)
 14985 | Spider:4 | HP: 1/111 [boulder beetle (7)]
 14985 | Spider:4 | Mangled by a demonic crawler (9 damage)
 14992 | Spider:4 | Slain by a demonic crawler (10 damage)
 14995 | Spider:4 | Reached skill level 1 in Axes
 14998 | Spider:4 | HP: 4/111 [demonic crawler (5)]
 14998 | Spider:4 | HP: 1/111 [demonic crawler (3)]
 15000 | Spider:4 | Slain by a demonic crawler (5 damage)
 15487 | Spider:3 | Succumbed to a redback's poison
 15504 | Spider:3 | Slain by a wolf spider (7 damage)
 15515 | Spider:3 | Blown up by an orb spider (33 damage)
                  | ... with a wavering orb of destruction
 15538 | Spider:3 | Mangled by a boulder beetle (45 damage)
 15576 | Spider:3 | HP: 5/111 [poisoned by a redback]
 15577 | Spider:3 | HP: 2/111 [poisoned by a redback]
 15578 | Spider:3 | Succumbed to a redback's poison
 15618 | Spider:3 | HP: 2/111 [redback (9)]
 15619 | Spider:3 | Succumbed to a redback's poison
 15630 | Spider:3 | Noticed a broodmother
 15633 | Spider:3 | Mangled by a boulder beetle (37 damage)
 15692 | Spider:3 | Blown up by an orb spider (47 damage)
                  | ... with an orb of destruction
 15720 | Spider:1 | HP: 5/111 [redback (3)]
 15721 | Spider:1 | Reached XP level 15. HP: 5/117 MP: 13/13
 15721 | Spider:1 | Succumbed to a redback's poison
 15766 | Spider:1 | HP: 5/117 [poisoned by a wolf spider]
 15766 | Spider:1 | HP: 1/117 [wolf spider (4)]
 15767 | Spider:1 | Succumbed to a wolf spider's poison
 15786 | Spider:1 | HP: 3/117 [barbs]
 15787 | Spider:1 | Succumbed to barbed spike wounds
 15816 | Spider:1 | Reached skill level 5 in Axes
 16108 | Spider:1 | HP: 5/117 [tarantella (4)]
 16109 | Spider:1 | HP: 1/117 [redback (4)]
 16109 | Spider:1 | Mangled by a redback (8 damage)
 16125 | Spider:1 | HP: 5/117 [wolf spider (8)]
 16126 | Spider:1 | Succumbed to a wolf spider's poison
 16151 | Spider:1 | HP: 2/117 [poisoned by a wolf spider]
 16151 | Spider:1 | Slain by a culicivora (3 damage)
 16156 | Spider:1 | HP: 1/117 [wolf spider (18)]
 16157 | Spider:1 | Succumbed to a wolf spider's poison
 16216 | Spider:1 | HP: 1/117 [steelbarb worm (9)]
 16217 | Spider:1 | Mangled by a wolf spider (12 damage)
 16497 | Lair:3   | Found a staircase to the Shoals.
 16522 | Shoals:1 | Entered Level 1 of the Shoals
 16554 | Shoals:1 | HP: 5/117 [merfolk/+0 trident (21)]
 16555 | Shoals:1 | Mangled by a merfolk siren
                  | ... wielding a +0 trident
                  | (12 damage)
 16605 | Shoals:1 | Mangled by a faun
                  | ... wielding a +0 spear
                  | (32 damage)
 16617 | Shoals:1 | Slain by a faun
                  | ... wielding a +0 spear
                  | (18 damage)
 17569 | Shoals:1 | Slain by a skyshark (16 damage)
 17809 | Shoals:1 | HP: 3/117 [merfolk/silver boomerang[a merfolk impaler]
                  | (11)]
 17809 | Shoals:1 | Hit by a silver boomerang thrown by a merfolk (8 damage)
                  | ... led by a merfolk impaler
 17826 | Shoals:1 | You are sucked into a shaft and drop 1 floor!
 17837 | Shoals:2 | Slain by a sun demon (24 damage)
 17841 | Shoals:2 | HP: 3/117 [sun demon (3)]
 17841 | Shoals:2 | Slain by a sun demon (5 damage)
 17930 | Shoals:3 | HP: 5/117 [faun/+0 quarterstaff (24)]
 17930 | Shoals:3 | Slain by a faun
                  | ... wielding a +0 spear
                  | (7 damage)
 17988 | Shoals:3 | Killed by the air
                  | ... invoked by a wind drake
                  | (18 damage)
 17998 | Shoals:4 | Entered Level 4 of the Shoals
 17998 | Shoals:4 | Noticed Polyphemus
 18008 | Shoals:4 | Demolished by Polyphemus (22 damage)
 18029 | Shoals:4 | HP: 3/118 [catoblepas[Polyphemus] (8)]
 18034 | Shoals:4 | Killed Polyphemus
 18035 | Shoals:4 | Slain by a catoblepas (6 damage)
                  | ... led by Polyphemus
                  | ... while petrified by a catoblepas
 18065 | Shoals:4 | HP: 4/118 [merfolk impaler/+1 heavy trident (8)]
 18065 | Shoals:4 | Slain by a merfolk
                  | ... wielding a +0 trident
                  | ... led by a merfolk impaler
                  | (5 damage)
 18140 | Shoals:4 | HP: 1/118 [poisoned by a sea snake]
 18141 | Shoals:4 | Succumbed to a sea snake's poison
 18262 | Shoals:4 | HP: 1/118 [barbs]
 18263 | Shoals:4 | Succumbed to barbed spike wounds
 18266 | Shoals:4 | Received a gift from Trog
 18280 | Shoals:4 | Noticed Kirke
 18287 | Shoals:4 | Killed Kirke
 18296 | Shoals:4 | Hit by a silver javelin thrown by a merfolk javelineer (16
                  | damage)
 18304 | Shoals:4 | HP: 3/119 [merfolk/+0 trident[a merfolk javelineer] (14)]
 18304 | Shoals:4 | Slain by a merfolk javelineer
                  | ... wielding a +5 spear of flaming
                  | (6 damage)
 18306 | Shoals:4 | Mangled by a sea snake (10 damage)
 18309 | Shoals:4 | Hit by a silver javelin thrown by a merfolk javelineer (14
                  | damage)
 18311 | Shoals:4 | Mangled by a merfolk
                  | ... wielding a +3 trident
                  | (18 damage)
 18312 | Shoals:4 | Reached skill level 10 in Axes
 18312 | Shoals:4 | Noticed Bai Suzhen
 18314 | Shoals:4 | Slain by a sea snake (10 damage)
 18316 | Shoals:4 | HP: 1/119 [merfolk javelineer/javelin (18)]
 18316 | Shoals:4 | Demolished by a merfolk impaler
                  | ... wielding a +2 demon trident of pain
                  | (16 damage)
 18319 | Shoals:4 | Slain by a merfolk
                  | ... wielding a +0 trident
                  | (8 damage)
 18322 | Shoals:4 | Succumbed to a merfolk impaler's poison
 18323 | Shoals:4 | HP: 1/119 [merfolk impaler/+0 trident (10)]
 18324 | Shoals:4 | Gained mutation: You have a moderately thin skeletal
                  | structure. (Dex +4, Stealth++) [demonic ancestry]
 18324 | Shoals:4 | Reached XP level 16. HP: 1/125 MP: 14/14
 18324 | Shoals:4 | Succumbed to a merfolk aquamancer's poison
 18325 | Shoals:4 | Slain by a snapping turtle (22 damage)
 18327 | Shoals:4 | Slain by a nine-headed hydra (7 damage)
                  | ... summoned by Bai Suzhen
 18328 | Shoals:4 | HP: 4/125 [nine-headed hydra[Bai Suzhen] (13)]
 18328 | Shoals:4 | Mangled by a nine-headed hydra (10 damage)
                  | ... summoned by Bai Suzhen
 18329 | Shoals:4 | Slain by a ten-headed hydra (10 damage)
                  | ... summoned by Bai Suzhen
 18332 | Shoals:4 | Mangled by a merfolk javelineer
                  | ... wielding a +2 spear of venom
                  | (15 damage)
 18334 | Shoals:4 | HP: 3/125 [merfolk impaler/+0 trident (8)]
 18334 | Shoals:4 | Hit by a boomerang thrown by a merfolk (5 damage)
                  | ... led by a merfolk javelineer
 18337 | Shoals:4 | Engulfed by Bai Suzhen's thunder (42 damage)
 18338 | Shoals:4 | Mangled by a snapping turtle (16 damage)
 18338 | Shoals:4 | Killed Bai Suzhen
 18340 | Shoals:4 | Slain by a merfolk
                  | ... wielding a +0 trident
                  | (10 damage)
 18342 | Shoals:4 | Succumbed to a merfolk impaler's poison
 18345 | Shoals:4 | Mangled by a merfolk
                  | ... wielding a +0 trident
                  | (21 damage)
 18349 | Shoals:4 | HP: 3/126 [merfolk impaler/+1 trident of venom (20)]
 18349 | Shoals:4 | Slain by a merfolk javelineer
                  | ... wielding a +2 spear of venom
                  | (7 damage)
 18354 | Shoals:4 | Slain by a merfolk impaler
                  | ... wielding a +1 trident of venom
                  | (25 damage)
 18357 | Shoals:4 | HP: 6/126 [merfolk/+0 trident (9)]
 18358 | Shoals:4 | Succumbed to a merfolk impaler's poison
 18916 | Shoals:4 | Identified 4 scrolls of acquirement
 18916 | Shoals:4 | Acquired a manual of Unarmed Combat
 18952 | Shoals:4 | Identified the +8 glaive of the Vulture {heavy, rElec Str+3
                  | Int+3}
 19419 | Shoals:4 | HP: 6/126 [merfolk impaler/+3 heavy trident (18)]
 19428 | Shoals:4 | Identified the ring "Eneoxo Piss" {AC+4 Dex+3}
 19813 | Shoals:4 | Noticed a kraken
 19822 | Shoals:4 | Killed a kraken
 19972 | Shoals:4 | Got a barnacled rune of Zot
 20061 | Shoals:3 | Found Quclub's Distillery.
 20073 | Shoals:3 | HP: 6/126 [sea snake (39)]
 20073 | Shoals:3 | Shot with an arrow by a satyr (13 damage)
 20092 | Shoals:3 | Shot with an arrow by a satyr (23 damage)
 20094 | Shoals:3 | Received a gift from Trog
 20316 | Shoals:3 | HP: 6/126 [poisoned by a sea snake]
 20316 | Shoals:3 | HP: 2/126 [sea snake (4)]
 20316 | Shoals:3 | Killed by the air
                  | ... invoked by a wind drake
                  | (8 damage)
 20323 | Shoals:3 | HP: 1/120 [poisoned by a merfolk aquamancer]
 20323 | Shoals:3 | Mangled by a sea snake (14 damage)
 20332 | Shoals:3 | Slain by a sea snake (10 damage)
 20482 | Shoals:3 | HP: 1/124 [poisoned by a sea snake]
 20482 | Shoals:3 | Mangled by a sea snake (9 damage)
 20515 | Shoals:1 | Slain by a sea snake (9 damage)
 21042 | Lair:3   | Found a runed translucent door.
 21042 | Lair:3   | Noticed Zeldest's ghost (journeyman DrRe)
 21093 | Lair:3   | Killed Zeldest's ghost
 21101 | Lair:3   | Acquired the +0 helmet "Aqun" {Regen+}
 21102 | Lair:3   | Acquired 641 gold pieces
 21103 | Lair:3   | Acquired the +3 warlock's mirror {omnireflect}
 21103 | Lair:3   | Found the +3 warlock's mirror {omnireflect}
 22500 | Lair:5   | Entered Level 5 of the Lair of Beasts
 22589 | Lair:5   | HP: 6/127 [hell rat (5)]
 23015 | Lair:5   | Identified the staff of cold "Cotothreu" {*Slow rF+ rC+
                  | Int-2 Dex+8}
 23191 | Lair:5   | Paralysed by a hornet for 1 turns
 23204 | Lair:5   | Lost mutation: You occasionally lose the ability to read
                  | scrolls when taking damage. [potion of mutation]
 23204 | Lair:5   | Lost mutation: Armour fits poorly on your strangely shaped
                  | body. [potion of mutation]
 23204 | Lair:5   | Lost mutation: Your magical capacity is low. (-10% MP)
                  | [potion of mutation]
 23204 | Lair:5   | Gained mutation: You are robust. (+10% HP) [potion of
                  | mutation]
 23204 | Lair:5   | Gained mutation: Your flesh is heat resistant. (rF+)
                  | [potion of mutation]
 23235 | Lair:5   | Found a viscous altar of Jiyva.
 23235 | Lair:5   | Found a staircase to the Slime Pits.
 23274 | Lair:5   | Reached XP level 17. HP: 146/146 MP: 17/17
 23307 | Slime:1  | Entered Level 1 of the Pits of Slime
 24147 | Slime:2  | Received a gift from Trog
 24564 | Slime:4  | Demolished by a very large slime creature (32 damage)
 24675 | Slime:4  | Lost mutation: You are agile. (Dex +4, Str/Int -1) [a
                  | shining eye]
 24698 | Slime:5  | Entered Level 5 of the Pits of Slime
 24706 | Slime:5  | Noticed an acid blob
 24718 | Slime:5  | Noticed an acid blob
 24721 | Slime:5  | Killed an acid blob
 24735 | Slime:5  | HP: 7/146 [acid (2)]
 24737 | Slime:5  | Mangled by an acid blob (17 damage)
 24744 | Slime:5  | Mangled by a slime creature (17 damage)
 24746 | Slime:5  | Killed an acid blob
 24861 | Slime:5  | Noticed an acid blob
 24864 | Slime:5  | Noticed the Royal Jelly
 24867 | Slime:5  | Noticed an acid blob
 24872 | Slime:5  | Noticed an acid blob
 24873 | Slime:5  | Killed an acid blob
 24879 | Slime:5  | HP: 7/146 [acid (2)]
 24879 | Slime:5  | HP: 2/146 [acid blob/splash of acid (6)]
 24879 | Slime:5  | Killed from afar by an acid blob (9 damage)
                  | ... with a splash of acid
 24881 | Slime:5  | Noticed an acid blob
 24881 | Slime:5  | Killed an acid blob
 24882 | Slime:5  | Found a viscous altar of Jiyva.
 24886 | Slime:5  | Noticed an acid blob
 24886 | Slime:5  | Demolished by the Royal Jelly (40 damage)
 24891 | Slime:5  | Annihilated by a very large slime creature (59 damage)
 24894 | Slime:5  | Demolished by an acid blob (37 damage)
 24898 | Slime:5  | HP: 3/146 [acid blob (24)]
 24898 | Slime:5  | HP: 1/146 [acid (2)]
 24899 | Slime:5  | Splashed by an acid blob's acid (2 damage)
 24901 | Slime:5  | Killed an acid blob
 24902 | Slime:5  | Noticed an acid blob
 24902 | Slime:5  | Slain by an acid blob (8 damage)
 24906 | Slime:5  | Killed from afar by an acid blob (17 damage)
                  | ... with a splash of acid
 24912 | Slime:5  | Demolished by an acid blob (37 damage)
 24912 | Slime:5  | Noticed an acid blob
 24915 | Slime:5  | Noticed an acid blob
 24919 | Slime:5  | Mangled by an acid blob (40 damage)
 24924 | Slime:5  | HP: 2/219 [acid blob (27)]
 24924 | Slime:5  | Splashed by an acid blob's acid (4 damage)
 24927 | Slime:5  | Annihilated by an acid blob (36 damage)
 24928 | Slime:5  | Annihilated by the Royal Jelly (36 damage)
 24935 | Slime:5  | Killed from afar by an acid blob (13 damage)
                  | ... with a splash of acid
 24938 | Slime:5  | Killed an acid blob
 24945 | Slime:5  | Mangled by an acid blob (35 damage)
 24947 | Slime:5  | Mangled by a rockslime (43 damage)
                  | ... created by the Royal Jelly
 24949 | Slime:5  | Killed an acid blob
 24953 | Slime:5  | Demolished by an acid blob (29 damage)
 24964 | Slime:5  | Annihilated by a rockslime (50 damage)
                  | ... created by the Royal Jelly
 25089 | Slime:5  | Fell from the grace of Trog
 25089 | Slime:5  | Became a worshipper of Jiyva Jysioheq the Shapeless
 25108 | Slime:5  | Learned a level 1 spell: Apportation
 25793 | Slime:1  | Noticed an acid blob
 25983 | Slime:2  | Noticed an acid blob
 25983 | Slime:2  | Noticed an acid blob
 26209 | Slime:4  | You fall into a shaft and drop 1 floor!
 27286 | Lair:5   | HP: 1/146 [death yak (14)]
 27927 | D:10     | Entered Level 10 of the Dungeon
 27927 | D:10     | Noticed Sonja
 27963 | D:10     | Killed Sonja
 28069 | D:10     | Reached * piety under Jiyva
 28279 | D:10     | Found Uvuheudgh's Magic Scroll Shop.
 28419 | D:11     | Found a gate leading to a gauntlet.
 28434 | Gauntlet | Entered a Gauntlet
 28434 | Gauntlet | Found a transporter.
 28447 | Gauntlet | Found a transporter.
 28473 | Gauntlet | Found a transporter.
 28473 | Gauntlet | Found a transporter.
 28483 | Gauntlet | Found a transporter.
 28483 | Gauntlet | Found a transporter.
 28485 | Gauntlet | Found a transporter.
 28512 | Gauntlet | Found a transporter.
 28574 | Gauntlet | Identified the +7 mace "Dynikech" {pain, Dex+2}
 28591 | Gauntlet | Identified the +9 dagger of Greed {protect, rC+ Will- Int+3
                  | Stlth+}
 28591 | Gauntlet | Identified the staff of death "Dacur" {Fly rC- rN+ Will+}
 28591 | Gauntlet | Identified the +0 leather armour of a bazaar {Harm Drain
                  | Int+8 Stlth+}
 28879 | D:11     | Reached ** piety under Jiyva
 29126 | D:12     | Found Lasucustront's Jewellery Shoppe.
 29357 | D:12     | You are sucked into a shaft and drop 3 floors!
 29357 | D:15     | Entered Level 15 of the Dungeon
 29358 | D:15     | Reached *** piety under Jiyva
 29358 | D:15     | Lost mutation: Your flesh is heat resistant. (rF+) [Jiyva's
                  | grace]
 29358 | D:15     | Gained mutation: Your translucent skin slightly reduces
                  | your foes' accuracy. (Stealth+) [Jiyva's grace]
 29358 | D:15     | Gained mutation: Your translucent skin reduces your foes'
                  | accuracy. (Stealth+) [Jiyva's grace]
 29358 | D:15     | Gained mutation: Your transparent skin significantly
                  | reduces your foes' accuracy. (Stealth+) [Jiyva's grace]
 29358 | D:15     | Gained mutation: You are agile. (Dex +4, Str/Int -1)
                  | [Jiyva's grace]
 29417 | D:15     | HP: 6/146 [tengu warrior/+0 war axe (5)]
 29548 | D:15     | Found a staircase to the Depths.
 29678 | D:15     | Reached XP level 18. HP: 155/155 MP: 18/18
 29835 | D:15     | Reached **** piety under Jiyva
 30139 | Depths:1 | Entered Level 1 of the Depths
 30139 | Depths:1 | Found a hazy altar of Hepliaklqana.
 30202 | Depths:1 | Reached skill level 10 in Shields
 30206 | Depths:1 | HP: 7/155 [frost giant/+2 battleaxe of freezing (3)]
 30207 | Depths:1 | Slain by a stone giant (11 damage)
 30409 | Abyss:5  | Cast into level 5 of the Abyss (a wizard)
 30453 | Abyss:5  | Reached ***** piety under Jiyva
 30533 | Abyss:5  | Noticed a bone dragon
 30549 | Abyss:5  | HP: 6/155 [merfolk javelineer/javelin (16)]
 30550 | Abyss:5  | HP: 1/155 [starcursed mass/accursed screaming (6)]
 30555 | Abyss:5  | Killed from afar by a starcursed mass (8 damage)
                  | ... with an accursed screaming
 30564 | Abyss:5  | Paralysed by accursed screaming for 1 turns
 30570 | Abyss:5  | Paralysed by accursed screaming for 1 turns
 30579 | Abyss:5  | Paralysed by accursed screaming for 2 turns
 30584 | Abyss:5  | Paralysed by accursed screaming for 2 turns
 30586 | Abyss:5  | HP: 1/155 [bone dragon (16)]
 30586 | Abyss:5  | Slain by a bone dragon (5 damage)
                  | ... while paralysed by accursed screaming
 30592 | Abyss:5  | Paralysed by accursed screaming for 2 turns
 30597 | Abyss:5  | Killed a bone dragon
 30602 | Abyss:5  | Paralysed by accursed screaming for 2 turns
 30614 | Abyss:5  | Got an abyssal rune of Zot
 30647 | Abyss:5  | Paralysed by accursed screaming for 1 turns
 30648 | Abyss:5  | HP: 3/155 [thrashing horror (6)]
 30650 | Abyss:5  | Killed from afar by a balrug (4 damage)
                  | ... with a bolt of fire
                  | ... summoned by the player character
 30653 | Depths:1 | Escaped the Abyss
 30728 | Depths:1 | Lost mutation: You are robust. (+10% HP) [Jiyva's grace]
 30728 | Depths:1 | Lost mutation: Your spells are a little harder to cast, but
                  | a little more powerful. [Jiyva's grace]
 30728 | Depths:1 | Lost mutation: Your transparent skin significantly reduces
                  | your foes' accuracy. (Stealth+) [Jiyva's grace]
 30728 | Depths:1 | Gained mutation: Armour fits poorly on your pseudopods.
                  | [Jiyva's grace]
 30728 | Depths:1 | Gained mutation: Armour fits poorly on your large
                  | pseudopods. [Jiyva's grace]
 30728 | Depths:1 | Gained mutation: Armour fits poorly on your massive
                  | pseudopods. [Jiyva's grace]
 30728 | Depths:1 | Gained mutation: Your body has grown eyes which may confuse
                  | attackers. (Acc +3) [Jiyva's grace]
 30773 | Depths:1 | Identified the +3 sling "X" {flame, Dex+6}
 31122 | Depths:1 | Found a gateway to Hell.
 31248 | Depths:1 | Found a one-way gateway to a ziggurat.
 31692 | Zig:1    | Entered Level 1 of a ziggurat
 31718 | Zig:2    | Entered Level 2 of a ziggurat
 31718 | Zig:2    | Found the +7 mace of Variability {chaos, chain chaos}
 31743 | Zig:3    | Entered Level 3 of a ziggurat
 31775 | Zig:4    | Entered Level 4 of a ziggurat
 31824 | Zig:4    | Got the Elucidation of Hyperborean Permutations
 31834 | Zig:5    | Entered Level 5 of a ziggurat
 31847 | Zig:5    | Paralysed by a jorogumo for 2 turns
 31851 | Zig:5    | HP: 2/136 [jorogumo (6)]
 31851 | Zig:5    | Slain by a jumping spider (3 damage)
 31868 | Zig:5    | Identified the +9 bardiche of the Coin {flame, *Slow rN+++
                  | Will- Str+3}
 31872 | Zig:5    | Identified the +2 hat "Melal" {*Corrode Str+3 Dex+5}
 31881 | Zig:6    | Entered Level 6 of a ziggurat
 31886 | Zig:6    | Found the +5 glaive of the Guard {elec, spectral, AC+5}
 31911 | Zig:6    | Reached XP level 19. HP: 45/147 MP: 19/19
 31914 | Zig:6    | Identified the +2 pair of gloves of Mirth {Regen+}
 31993 | Zig:7    | Entered Level 7 of a ziggurat
 31998 | Zig:7    | Found the amulet of the Air {Inacc Air Fly rElec RMsl}
 32043 | Zig:7    | Identified the +3 spear of the Rat {pain, rPois}
 32055 | Zig:8    | Entered Level 8 of a ziggurat
 32062 | Zig:8    | Noticed Fuosh the pandemonium lord
 32075 | Zig:8    | Noticed a golden dragon
 32075 | Zig:8    | Noticed a golden dragon
 32077 | Zig:8    | Mangled by a Hell Sentinel (29 damage)
 32079 | Zig:8    | Blown up by Fuosh the pandemonium lord (37 damage)
                  | ... with a wavering orb of destruction
 32086 | Zig:8    | Demolished by Fuosh the pandemonium lord (29 damage)
 32090 | Zig:8    | HP: 3/147 [balrug/+1 demon whip of pain (9)]
 32090 | Zig:8    | Slain by a balrug
                  | ... wielding a +1 demon whip of pain
                  | (4 damage)
 32095 | Zig:8    | HP: 6/147 [something (7)]
 32097 | Zig:8    | Slain by a Hell Sentinel (15 damage)
 32101 | Zig:8    | HP: 6/147 [balrug/+1 demon whip of pain (4)]
 32101 | Zig:8    | Mangled by a demonspawn blood saint
                  | ... wielding a +0 quarterstaff
                  | (14 damage)
 32110 | Zig:8    | Demolished by a Hell Sentinel (25 damage)
 32114 | Zig:8    | Paralysed by Fuosh for 2 turns
 32117 | Zig:8    | Blown up by Fuosh the pandemonium lord (37 damage)
                  | ... with a wavering orb of destruction
 32122 | Zig:8    | Paralysed by Fuosh for 4 turns
 32127 | Zig:8    | Killed Fuosh the pandemonium lord
 32150 | Zig:8    | Got the Atlas of the Assembled Panacea
 32161 | Zig:9    | Entered Level 9 of a ziggurat
 32179 | Zig:9    | HP: 2/147 [nagaraja/bolt of poison (20)]
 32181 | Zig:9    | Succumbed to a nagaraja's splash of poison
 32201 | Zig:9    | Identified the +6 quarterstaff "Weqej" {flame, Contam rF+++
                  | rC+}
 32202 | Zig:9    | Identified the ring "Goxir" {Wiz rElec rF+ Dex+2 Slay+3}
 32217 | Zig:10   | Entered Level 10 of a ziggurat
 32267 | Zig:10   | Identified the +8 battleaxe "Sejueh" {elec, rCorr}
 32276 | Zig:11   | Entered Level 11 of a ziggurat
 32293 | Zig:11   | Shot with an arrow by a naga sharpshooter (14 damage)
 32301 | Zig:11   | HP: 4/148 [nagaraja/+0 flail (23)]
 32302 | Zig:11   | Killed from afar by a salamander tyrant (13 damage)
                  | ... with a flame surge
 32311 | Zig:11   | HP: 4/148 [salamander tyrant (7)]
 32312 | Zig:11   | Killed by Olgreb's Toxic Radiance
                  | ... invoked by a naga ritualist
                  | (5 damage)
 32333 | Zig:11   | HP: 6/148 [shock serpent (4)]
 32333 | Zig:11   | HP: 2/148 [shock serpent (4)]
 32372 | Zig:12   | Entered Level 12 of a ziggurat
 32394 | Zig:12   | Shot with an arrow by a deep elf master archer (34 damage)
 32411 | Zig:12   | HP: 1/148 [yaktaur captain/bolt (29)]
 32415 | Zig:12   | Shot with an arrow by a naga sharpshooter (15 damage)
 32456 | Zig:12   | Identified the amulet "Siwud" {RegenMP +Blink rF+ Regen+
                  | rCorr Dex-5}
 32457 | Zig:12   | Identified the +5 trident of Moral Flaws {flame, Fragile
                  | Str+3 Dex+3}
 32458 | Zig:12   | Identified the ring "Orrais" {rF+ rCorr Str+6}
 32502 | Zig:13   | Entered Level 13 of a ziggurat
 32513 | Zig:13   | Noticed a dread lich
 32514 | Zig:13   | Noticed a dread lich
 32532 | Zig:13   | Paralysed by a sphinx for 3 turns
 32533 | Zig:13   | Slain by an ettin
                  | ... wielding a +0 dire flail
                  | (33 damage)
                  | ... while paralysed by a sphinx
 32534 | Zig:13   | Mangled by a titan (43 damage)
                  | ... while paralysed by a sphinx
 32538 | Zig:13   | HP: 7/148 [something (6)]
 32539 | Zig:13   | HP: 2/146 [yaktaur captain (5)]
 32539 | Zig:13   | Succumbed to a meliai's poison
 32543 | Zig:13   | Slain by a hell beast (9 damage)
                  | ... summoned by a dread lich
 32545 | Zig:13   | Killed a dread lich
 32547 | Zig:13   | Paralysed by something for 3 turns
 32548 | Zig:13   | HP: 2/145 [Executioner[a dread lich] (6)]
 32549 | Zig:13   | Slain by an Executioner (8 damage)
                  | ... summoned by a dread lich
                  | ... while paralysed by a dread lich
 32550 | Zig:13   | Mangled by a phantasmal warrior (26 damage)
                  | ... while paralysed by a dread lich
 32552 | Zig:13   | Slain by a dread lich (8 damage)
 32565 | Zig:13   | Slain by a phantasmal warrior (16 damage)
 32572 | Zig:13   | Killed a dread lich
 32606 | Zig:13   | Gained mutation: You have a sharp stinger which inflicts
                  | weakening toxins. [demonic ancestry]
 32606 | Zig:13   | Reached XP level 20. HP: 148/148 MP: 20/20
 32607 | Zig:13   | Gained mutation: You are robust. (+10% HP) [demonic
                  | ancestry]
 32607 | Zig:13   | Reached XP level 21. HP: 148/170 MP: 21/21
 32614 | Zig:14   | Entered Level 14 of a ziggurat
 32629 | Zig:14   | Noticed a curse toe
 32629 | Zig:14   | Noticed Brigand's ghost (legendary DEAE)
 32643 | Zig:14   | HP: 3/137 [ghostly demonspawn black sun/+0 great sword
                  | (14)]
 32645 | Zig:14   | Killed from afar by Brigand's ghost (27 damage)
                  | ... with a vortex
 32650 | Zig:14   | Killed by the air
                  | ... invoked by Brigand's ghost
                  | (33 damage)
 32651 | Zig:14   | Killed a curse toe
 32656 | Zig:14   | Killed Brigand's ghost
 32820 | Zig:14   | Identified the +0 ice dragon scales of the Watchman {-Cast
                  | rF- rC++ rCorr Str-5 SInv}
 32821 | Zig:14   | Identified the ring "Reryrutwu" {rF+ MP+9 Str+2}
 32836 | Zig:14   | Identified the +4 rapier of Woe {heavy, *Corrode rElec
                  | SInv}
 32842 | Zig:15   | Entered Level 15 of a ziggurat
 32855 | Zig:15   | Noticed a dread lich
 32857 | Zig:15   | HP: 5/138 [??? (2)]
 32857 | Zig:15   | Mangled by a bone dragon (13 damage)
 32862 | Zig:15   | Killed from afar by an Ice Fiend (42 damage)
                  | ... with a bolt of cold
                  | ... summoned by a dread lich
 32863 | Zig:15   | HP: 5/126 [poisoned by a putrid mouth (dark miasma)]
 32864 | Zig:15   | Engulfed by a putrid mouth's foul pestilence (9 damage)
 32865 | Zig:15   | Succumbed to a putrid mouth's dark miasma
 32868 | Zig:15   | HP: 6/122 [poisoned by a putrid mouth (dark miasma)]
 32868 | Zig:15   | Slain by a bone dragon (7 damage)
 32869 | Zig:15   | Killed from afar by a Tzitzimitl (19 damage)
                  | ... with a bolt of negative energy
 32870 | Zig:15   | Killed from afar by an Ice Fiend (21 damage)
                  | ... with a bolt of cold
                  | ... summoned by a dread lich
 32871 | Zig:15   | HP: 1/107 [bone dragon (6)]
 32872 | Zig:15   | Succumbed to a tainted leviathan's dark miasma
 32873 | Zig:15   | Engulfed by a tainted leviathan's foul pestilence (8
                  | damage)
 32873 | Zig:15   | Killed from afar by a Tzitzimitl (46 damage)
                  | ... with a bolt of negative energy
 32876 | Zig:15   | Succumbed to a tainted leviathan's dark miasma
 32877 | Zig:15   | HP: 1/92 [poisoned by a putrid mouth (dark miasma)]
 32877 | Zig:15   | Demolished by a tainted leviathan (21 damage)
 32877 | Zig:15   | Killed from afar by a Tzitzimitl (19 damage)
                  | ... with a bolt of negative energy
 32878 | Zig:15   | Slain by a tainted leviathan (13 damage)
 32880 | Zig:15   | Succumbed to a putrid mouth's dark miasma
 32881 | Zig:15   | Succumbed to a tainted leviathan's dark miasma
 32881 | Zig:15   | Slain by a Tzitzimitl (6 damage)
 32882 | Zig:15   | Annihilated by a spectral juggernaut (31 damage)
 32882 | Zig:15   | Slain by a Tzitzimitl (16 damage)
 32883 | Zig:15   | Succumbed to a tainted leviathan's dark miasma
 32884 | Zig:15   | Mangled by a tainted leviathan (17 damage)
 32885 | Zig:15   | Slain by a spectral juggernaut (10 damage)
 32885 | Zig:15   | Slain by a tainted leviathan (4 damage)
 32887 | Zig:15   | Succumbed to poison (dark miasma)
 32888 | Zig:15   | HP: 2/51 [bone dragon (8)]
 32888 | Zig:15   | Mangled by a tainted leviathan (12 damage)
 32890 | Zig:15   | Succumbed to a tainted leviathan's dark miasma
 32891 | Zig:15   | Slain by a putrid mouth (18 damage)
 32891 | Zig:15   | Slain by a tormentor (5 damage)
                  | ... summoned by a dread lich
 32892 | Zig:15   | Mangled by a Tzitzimitl (8 damage)
 32893 | Zig:15   | HP: 1/42 [poisoned by a tainted leviathan (dark miasma)]
 32893 | Zig:15   | Mangled by a Tzitzimitl (10 damage)
 32894 | Zig:15   | Killed from afar by a Tzitzimitl (40 damage)
                  | ... with a bolt of negative energy
 32896 | Zig:15   | Succumbed to a tainted leviathan's dark miasma
 32898 | Zig:15   | Slain by a hell beast (3 damage)
                  | ... summoned by a dread lich
 32899 | Zig:15   | HP: 1/32 [Tzitzimitl (8)]
 32900 | Zig:15   | Succumbed to a tainted leviathan's dark miasma
 32903 | Zig:15   | Killed from afar by a Tzitzimitl (35 damage)
                  | ... with a bolt of negative energy
 32906 | Zig:15   | Killed from afar by a Tzitzimitl (85 damage)
                  | ... with a bolt of negative energy
 32906 | Zig:15   | Slain by a Tzitzimitl (1 damage)
 32907 | Zig:15   | Mangled by a bone dragon (11 damage)
 32909 | Zig:15   | Engulfed by a putrid mouth's foul pestilence (5 damage)
 32909 | Zig:15   | Killed from afar by a putrid mouth (15 damage)
                  | ... with a foul vapour
 32910 | Zig:15   | Succumbed to a putrid mouth's dark miasma
 32912 | Zig:15   | Succumbed to a putrid mouth's dark miasma
 32912 | Zig:15   | Killed from afar by a putrid mouth (17 damage)
                  | ... with a foul vapour
 32912 | Zig:15   | Killed from afar by a Tzitzimitl (55 damage)
                  | ... with a bolt of negative energy
 32914 | Zig:15   | Succumbed to a putrid mouth's dark miasma
 32916 | Zig:15   | Reached XP level 22. HP: 3/71 MP: 22/22
 32916 | Zig:15   | Engulfed by a tainted leviathan's foul pestilence (10
                  | damage)
 32918 | Zig:15   | Succumbed to a tainted leviathan's dark miasma
 32919 | Zig:15   | Succumbed to a tainted leviathan's dark miasma
 32921 | Zig:15   | HP: 2/81 [poisoned by a tainted leviathan (dark miasma)]
 32922 | Zig:15   | Engulfed by a tainted leviathan's foul pestilence (9
                  | damage)
 32924 | Zig:15   | Succumbed to a tainted leviathan's dark miasma
 32926 | Zig:15   | HP: 3/108 [poisoned by a tainted leviathan (dark miasma)]
 32927 | Zig:15   | Succumbed to a tainted leviathan's dark miasma
 32929 | Zig:15   | Noticed a dread lich
 32941 | Zig:15   | Killed a dread lich
 32960 | Zig:15   | Killed a dread lich
 32977 | Zig:15   | Lost mutation: You are agile. (Dex +4, Str/Int -1) [Jiyva's
                  | grace]
 32977 | Zig:15   | Gained mutation: You have large cloven feet. [Jiyva's
                  | grace]
 32977 | Zig:15   | Gained mutation: You have hoof-like feet. [Jiyva's grace]
 32977 | Zig:15   | Gained mutation: You have hooves in place of feet. [Jiyva's
                  | grace]
 32977 | Zig:15   | Gained mutation: You possess an exceptional clarity of
                  | mind. [Jiyva's grace]
 33032 | Zig:15   | Gained mutation: You are very robust. (+20% HP) [demonic
                  | ancestry]
 33032 | Zig:15   | Reached XP level 23. HP: 161/186 MP: 23/23
 33033 | Zig:15   | Acquired a manual of Earth Magic
 33038 | Zig:16   | Entered Level 16 of a ziggurat
 33039 | Zig:16   | Acquired 484 gold pieces
 33052 | Abyss:5  | Cast into level 5 of the Abyss (a deep elf sorcerer)
 33072 | Zig:16   | Escaped the Abyss
 33085 | Zig:16   | Paralysed by an air elemental for 1 turns
 33091 | Zig:16   | Slain by a deep elf blademaster
                  | ... wielding a +2 rapier of protection
                  | (14 damage)
 33100 | Zig:16   | HP: 8/192 [constriction (2)]
 33100 | Zig:16   | Mangled by a +5 battleaxe of holy wrath (19 damage)
 33106 | Zig:16   | HP: 4/194 [deep elf zephyrmancer/bolt of lightning (11)]
 33106 | Zig:16   | Killed from afar by a deep elf knight (16 damage)
                  | ... with a lance of force
 33116 | Zig:16   | HP: 3/196 [something (10)]
 33116 | Zig:16   | Slain by a +0 long sword of protection (3 damage)
 33122 | Zig:16   | HP: 10/200 [+0 glaive of venom (3)]
 33123 | Zig:16   | Slain by a +4 trident of freezing (12 damage)
 33130 | Zig:16   | HP: 1/200 [+0 glaive of venom (24)]
 33131 | Zig:16   | Succumbed to a +0 glaive of venom's poison
 33137 | Zig:16   | HP: 9/204 [+4 trident of freezing (4)]
 33138 | Zig:16   | Succumbed to a +0 glaive of venom's poison
 33140 | Zig:16   | Slain by a +0 glaive of venom (10 damage)
 33146 | Zig:16   | Annihilated by a +5 battleaxe of holy wrath (52 damage)
 33242 | Zig:16   | Identified the staff of fire "Ozezaquq" {*Slow rF+ Str+8
                  | Int+3 SInv}
 33269 | Zig:17   | Entered Level 17 of a ziggurat
 33302 | Zig:17   | HP: 8/211 [deep elf pyromancer/bolt of fire (11)]
 33303 | Zig:17   | Slain by a +4 heavy scimitar (7 damage)
 33307 | Zig:17   | HP: 9/208 [deep elf master archer (8)]
 33307 | Zig:17   | Killed from afar by a deep elf zephyrmancer (14 damage)
                  | ... with a bolt of lightning
 33310 | Zig:17   | Killed from afar by a deep elf high priest (21 damage)
                  | ... with damnation
 33324 | Zig:17   | HP: 4/211 [deep elf archer/arrow (20)]
 33332 | Zig:17   | Reached ****** piety under Jiyva
 33359 | Zig:17   | Got the Grimoire of Imprecation
 33368 | Zig:17   | Identified the staff of conjuration "Courukku" {rF+ rC+
                  | MP+9}
 33373 | Zig:17   | Identified the +7 scale mail of the Forest {Int+3 Dex+2
                  | SInv}
 33378 | Zig:18   | Entered Level 18 of a ziggurat
 33379 | Zig:18   | Reached XP level 24. HP: 218/218 MP: 23/23
 33399 | Zig:18   | Found the ring of the Hare {EV+10}
 33417 | Zig:18   | HP: 10/218 [four-headed hydra (4)]
 33418 | Zig:18   | Mangled by a caustic shrike (27 damage)
 33430 | Zig:18   | HP: 5/218 [dire elephant (15)]
 33431 | Zig:18   | Mangled by a dire elephant (13 damage)
                  | ... while petrified by a catoblepas
 33441 | Zig:18   | HP: 10/218 [dire elephant (7)]
 33442 | Zig:18   | HP: 3/218 [dire elephant (10)]
 33442 | Zig:18   | Mangled by a spriggan druid
                  | ... wielding a +0 quarterstaff of distortion
                  | (11 damage)
 33442 | Abyss:5  | Cast into level 5 of the Abyss (spriggan druid)
 33491 | Zig:18   | Escaped the Abyss
 33525 | Zig:18   | HP: 4/218 [hellephant/blast of flame (18)]
 33526 | Zig:18   | Mangled by a hellephant (17 damage)
 33571 | Zig:18   | Got Giumekut's Vellum of Congelation and Damage
 33589 | Zig:18   | Identified the staff of cold "Erchurgh" {rC+ rCorr}
 33601 | Zig:18   | Got the Lectures on the Ground
 33630 | Zig:18   | Reached XP level 25. HP: 228/228 MP: 23/23
 33636 | Zig:19   | Entered Level 19 of a ziggurat
 33662 | Zig:19   | HP: 5/228 [pearl dragon] (14)]
 33663 | Zig:19   | Slain by a pearl dragon (14 damage)
 33666 | Zig:19   | Killed from afar by a pearl dragon (39 damage)
                  | ... with a blast of cleansing flame
 33668 | Zig:19   | HP: 8/228 [angel/+3 whip of holy wrath (17)]
 33668 | Zig:19   | Mangled by an angel
                  | ... wielding a +3 whip of holy wrath
                  | (19 damage)
 33673 | Zig:19   | HP: 10/228 [angel/+1 sacred scourge of holy wrath (8)]
 33673 | Zig:19   | Slain by an angel
                  | ... wielding a +1 sacred scourge of holy wrath
                  | (11 damage)
 33675 | Zig:19   | Engulfed by a pearl dragon's blessed fire (21 damage)
 33677 | Zig:19   | Slain by an angel
                  | ... wielding a +2 sacred scourge of holy wrath
                  | (43 damage)
 33683 | Zig:19   | Slain by an angel
                  | ... wielding a +1 sacred scourge of holy wrath
                  | (16 damage)
 33687 | Zig:19   | HP: 10/228 [angel/+1 sacred scourge of holy wrath (2)]
 33687 | Zig:19   | Slain by an angel
                  | ... wielding a +1 sacred scourge of holy wrath
                  | (14 damage)
 33693 | Zig:19   | HP: 3/228 [pearl dragon/blast of cleansing flame (28)]
 33693 | Zig:19   | Annihilated by an angel
                  | ... wielding a +3 whip of holy wrath
                  | (31 damage)
 33699 | Zig:19   | HP: 7/228 [angel/+1 whip of holy wrath (5)]
 33699 | Zig:19   | Killed from afar by a pearl dragon (42 damage)
                  | ... with a blast of cleansing flame
 33701 | Zig:19   | Mangled by an apis (30 damage)
 33703 | Zig:19   | Slain by an angel
                  | ... wielding a +3 whip of holy wrath
                  | (5 damage)
 33705 | Zig:19   | Mangled by an apis (29 damage)
 33707 | Zig:19   | Mangled by an angel
                  | ... wielding a +3 whip of holy wrath
                  | (34 damage)
 33711 | Zig:19   | HP: 4/228 [daeva/divine providence (16)]
 33711 | Zig:19   | Demolished by a cherub
                  | ... wielding a +4 long sword of flaming
                  | (19 damage)
 33714 | Zig:19   | Demolished by an angel
                  | ... wielding a +3 whip of holy wrath
                  | (19 damage)
 33718 | Zig:19   | HP: 3/228 [pearl dragon (26)]
 33718 | Zig:19   | Slain by a pearl dragon (5 damage)
 33722 | Zig:19   | Slain by a pearl dragon (12 damage)
 33727 | Zig:19   | HP: 6/228 [pearl dragon (26)]
 33727 | Zig:19   | Killed by divine providence
                  | ... invoked by a daeva
                  | (9 damage)
 33733 | Zig:19   | HP: 4/228 [angel/+1 sacred scourge of holy wrath (10)]
 33733 | Zig:19   | Killed by divine providence
                  | ... invoked by a daeva
                  | (15 damage)
 33735 | Zig:19   | Demolished by a pearl dragon (26 damage)
 33745 | Zig:19   | Slain by an apis (31 damage)
 33749 | Zig:19   | Demolished by a daeva
                  | ... wielding a +4 scimitar of holy wrath
                  | (28 damage)
 33750 | Zig:19   | HP: 11/228 [cherub/+0 falchion of flaming (10)]
 33750 | Zig:19   | Mangled by a cherub
                  | ... wielding a +3 falchion of flaming
                  | (17 damage)
 33758 | Zig:19   | HP: 6/228 [daeva/+3 scimitar of holy wrath (12)]
 33758 | Zig:19   | Mangled by a daeva
                  | ... wielding a +3 scimitar of holy wrath
                  | (16 damage)
 33770 | Zig:19   | Mangled by a daeva
                  | ... wielding a +3 scimitar of holy wrath
                  | (31 damage)
 33773 | Zig:19   | HP: 11/228 [cherub/+1 flail of flaming (16)]
 33773 | Zig:19   | Killed by divine providence
                  | ... invoked by a daeva
                  | (12 damage)
 33781 | Zig:19   | Slain by a daeva
                  | ... wielding a +3 scimitar of holy wrath
                  | (22 damage)
 33804 | Zig:19   | Slain by an apis (30 damage)
 33858 | Zig:19   | Identified the ring of Ephemeral Luck {Contam rPois rF+
                  | Dex+3}
 33863 | Zig:19   | Identified the ring "Jouhet" {rF+ AC+4}
 33868 | Zig:19   | Identified the +9 long sword of the Turnip {heavy, rC+
                  | Dex+2}
 33869 | Zig:19   | Identified the +5 quarterstaff "Keunaali" {freeze, rF++
                  | rN++}
 34175 | Zig:20   | Entered Level 20 of a ziggurat
 34244 | Zig:20   | HP: 2/229 [tentacled monstrosity (14)]
 34244 | Zig:20   | Mangled by a tentacled monstrosity (11 damage)
 34254 | Zig:20   | Slain by a swamp dragon (14 damage)
 34258 | Zig:20   | HP: 10/229 [salamander tyrant (4)]
 34258 | Zig:20   | HP: 2/229 [salamander tyrant (8)]
 34258 | Zig:20   | Slain by an alligator snapping turtle (6 damage)
 34262 | Zig:20   | Slain by a tentacled monstrosity (11 damage)
 34264 | Zig:20   | HP: 8/229 [constriction (5)]
 34265 | Zig:20   | Succumbed to an emperor scorpion's poison
 34267 | Zig:20   | HP: 3/229 [poisoned by a guardian serpent (bolt of poison)]
 34267 | Zig:20   | Constricted to death by a tentacled monstrosity (6 damage)
 34268 | Zig:20   | Slain by an emperor scorpion (12 damage)
 34271 | Zig:20   | Mangled by a merfolk impaler
                  | ... wielding a +0 demon trident of freezing
                  | (11 damage)
 34287 | Zig:20   | Got the Quarto of Creative Changing
 34297 | Zig:20   | Identified the +1 leather armour of Qunuvomna {Regen+}
 34301 | Zig:20   | Got Cuaddo Yfily's Anthology of Turbulence
 34327 | Zig:20   | Identified the +10 dagger of Dissent {vamp, rPois rC- Str+3
                  | Int+3}
 34336 | Zig:21   | Entered Level 21 of a ziggurat
 34366 | Zig:21   | Gained mutation: You have an unnaturally thin skeletal
                  | structure. (Dex +6, Stealth+++) [demonic ancestry]
 34366 | Zig:21   | Reached XP level 26. HP: 183/237 MP: 23/23
 34379 | Zig:21   | Noticed a royal mummy
 34381 | Zig:21   | Noticed a royal mummy
 34382 | Zig:21   | Noticed a royal mummy
 34383 | Zig:21   | Noticed a royal mummy
 34383 | Zig:21   | Noticed a royal mummy
 34384 | Zig:21   | Noticed a royal mummy
 34388 | Zig:21   | HP: 9/237 [flying skull (8)]
 34388 | Zig:21   | Killed by divine providence
                  | ... invoked by a royal mummy
                  | (11 damage)
 34389 | Zig:21   | Noticed a royal mummy
 34392 | Zig:21   | Noticed a royal mummy
 34392 | Zig:21   | Noticed a royal mummy
 34393 | Zig:21   | HP: 5/237 [ushabti] (8)]
 34394 | Zig:21   | Engulfed by an ushabti's foul pestilence (8 damage)
 34394 | Zig:21   | Noticed a royal mummy
 34396 | Zig:21   | HP: 1/231 [spore (16)]
 34396 | Zig:21   | Engulfed by an ushabti's foul pestilence (5 damage)
 34397 | Zig:21   | Killed by divine providence
                  | ... invoked by a royal mummy
                  | (9 damage)
 34399 | Zig:21   | Killed by divine providence
                  | ... invoked by a royal mummy
                  | (8 damage)
 34401 | Zig:21   | HP: 8/224 [??? (5)]
 34402 | Zig:21   | Succumbed to an ushabti's dark miasma
 34406 | Zig:21   | Succumbed to their own poison gas
 34410 | Zig:21   | HP: 2/225 [something (10)]
 34411 | Zig:21   | Engulfed by a cloud of poison gas (3 damage)
 34417 | Zig:21   | Killed by divine providence
                  | ... invoked by a royal mummy
                  | (14 damage)
 34421 | Zig:21   | HP: 10/226 [poisoned by an emperor scorpion]
 34421 | Zig:21   | Slain by an emperor scorpion (12 damage)
                  | ... summoned by a royal mummy
 34426 | Zig:21   | HP: 3/226 [ushabti] (2)]
 34426 | Zig:21   | Succumbed to an ushabti's dark miasma
 34429 | Zig:21   | Succumbed to an emperor scorpion's poison
 34430 | Zig:21   | Noticed a royal mummy
 34433 | Zig:21   | HP: 2/226 [royal mummy/divine providence (12)]
 34434 | Zig:21   | Engulfed by an ushabti's foul pestilence (9 damage)
 34438 | Zig:21   | HP: 1/226 [poisoned by an ushabti (dark miasma)]
 34438 | Zig:21   | Slain by a death scarab (5 damage)
                  | ... summoned by a royal mummy
 34441 | Zig:21   | Succumbed to an ushabti's dark miasma
 34443 | Zig:21   | Succumbed to an ushabti's dark miasma
 34446 | Zig:21   | HP: 8/217 [royal mummy/divine providence (13)]
 34447 | Zig:21   | HP: 3/218 [ushabti] (5)]
 34447 | Zig:21   | Succumbed to an ushabti's dark miasma
 34452 | Zig:21   | Succumbed to an ushabti's dark miasma
 34454 | Zig:21   | HP: 1/218 [royal mummy/divine providence (12)]
 34454 | Zig:21   | Slain by an emperor scorpion (5 damage)
                  | ... summoned by a royal mummy
 34456 | Zig:21   | Killed by divine providence
                  | ... invoked by a royal mummy
                  | (13 damage)
 34463 | Zig:21   | HP: 4/327 [death scarab[a royal mummy] (16)]
 34464 | Zig:21   | Killed a royal mummy
 34464 | Zig:21   | Succumbed to an ushabti's dark miasma
 34465 | Zig:21   | Reached skill level 15 in Shields
 34474 | Zig:21   | HP: 6/223 [poisoned by an ushabti (dark miasma)]
 34474 | Zig:21   | Killed by divine providence
                  | ... invoked by a royal mummy
                  | (11 damage)
 34478 | Zig:21   | Killed by divine providence
                  | ... invoked by a mummy priest
                  | (15 damage)
 34480 | Zig:21   | Succumbed to an emperor scorpion's poison
 34482 | Zig:21   | HP: 9/223 [??? (6)]
 34483 | Zig:21   | Succumbed to an ushabti's dark miasma
 34485 | Zig:21   | Succumbed to an ushabti's dark miasma
 34487 | Zig:21   | HP: 2/223 [royal mummy/divine providence (13)]
 34487 | Zig:21   | Killed by divine providence
                  | ... invoked by a mummy priest
                  | (9 damage)
 34489 | Zig:21   | Engulfed by an ushabti's foul pestilence (9 damage)
 34491 | Zig:21   | Demolished by a guardian mummy (19 damage)
 34493 | Zig:21   | Killed a royal mummy
 34493 | Zig:21   | HP: 11/223 [torment (8)]
 34493 | Zig:21   | HP: 5/223 [poisoned by an ushabti (dark miasma)]
 34493 | Zig:21   | Slain by a quicksilver dragon zombie (6 damage)
                  | ... summoned by a mummy priest
 34496 | Zig:21   | Killed by divine providence
                  | ... invoked by a mummy priest
                  | (13 damage)
 34500 | Zig:21   | HP: 9/227 [??? (6)]
 34501 | Zig:21   | Succumbed to an ushabti's dark miasma
 34503 | Zig:21   | Killed a royal mummy
 34504 | Zig:21   | Gained mutation: You are extremely robust. (+30% HP)
                  | [demonic ancestry]
 34504 | Zig:21   | Reached XP level 27. HP: 15/259 MP: 23/23
 34504 | Zig:21   | Slain by a death scarab (9 damage)
                  | ... summoned by a royal mummy
 34507 | Zig:21   | HP: 8/250 [royal mummy/divine providence (14)]
 34509 | Zig:21   | HP: 3/250 [ushabti] (2)]
 34509 | Zig:21   | Succumbed to an ushabti's dark miasma
 34514 | Zig:21   | HP: 12/250 [ushabti] (7)]
 34514 | Zig:21   | Succumbed to an ushabti's dark miasma
 34516 | Zig:21   | Killed by divine providence
                  | ... invoked by a royal mummy
                  | (13 damage)
 34519 | Zig:21   | HP: 6/250 [ushabti] (3)]
 34519 | Zig:21   | Succumbed to an ushabti's dark miasma
 34521 | Zig:21   | Killed a royal mummy
 34522 | Zig:21   | Engulfed by an ushabti's foul pestilence (4 damage)
 34527 | Zig:21   | HP: 10/254 [??? (7)]
 34528 | Zig:21   | HP: 1/254 [ushabti] (5)]
 34528 | Zig:21   | Succumbed to an ushabti's dark miasma
 34530 | Zig:21   | Succumbed to an ushabti's dark miasma
 34531 | Zig:21   | Killed a royal mummy
 34533 | Zig:21   | Succumbed to an ushabti's dark miasma
 34536 | Zig:21   | Slain by a death scarab (16 damage)
                  | ... summoned by a royal mummy
 34541 | Zig:21   | HP: 4/259 [poisoned by an ushabti (dark miasma)]
 34541 | Zig:21   | Slain by a mummy priest (7 damage)
 34546 | Zig:21   | HP: 12/260 [emperor scorpion[a royal mummy] (7)]
 34548 | Zig:21   | Killed a royal mummy
 34548 | Zig:21   | HP: 3/260 [poisoned by an ushabti (dark miasma)]
 34548 | Zig:21   | HP: 1/260 [death scarab[a royal mummy] (2)]
 34549 | Zig:21   | Succumbed to an ushabti's dark miasma
 34554 | Zig:21   | HP: 11/264 [ushabti] (5)]
 34554 | Zig:21   | Succumbed to an ushabti's dark miasma
 34555 | Zig:21   | Killed a royal mummy
 34556 | Zig:21   | Succumbed to an ushabti's dark miasma
 34558 | Zig:21   | Succumbed to an emperor scorpion's poison
 34561 | Zig:21   | Succumbed to an ushabti's dark miasma
 34565 | Zig:21   | Slain by a death scarab (26 damage)
                  | ... summoned by a royal mummy
 34569 | Zig:21   | Killed a royal mummy
 34569 | Zig:21   | HP: 8/254 [torment (6)]
 34569 | Zig:21   | HP: 1/254 [ushabti] (7)]
 34569 | Zig:21   | Succumbed to an ushabti's dark miasma
 34574 | Zig:21   | Succumbed to an ushabti's dark miasma
 34577 | Zig:21   | Killed a royal mummy
 34585 | Zig:21   | Killed a royal mummy
 34586 | Zig:21   | Annihilated by a juggernaut zombie (41 damage)
 34594 | Zig:21   | Killed a royal mummy
 34596 | Zig:21   | HP: 10/265 [flying skull[a mummy priest] (7)]
 34597 | Zig:21   | Succumbed to an ushabti's dark miasma
 34609 | Zig:21   | HP: 4/265 [poisoned by an ushabti (dark miasma)]
 34610 | Zig:21   | Succumbed to an ushabti's dark miasma
 34650 | Zig:21   | Identified the +2 robe of Disappointment {Fly}
 34670 | Zig:22   | Entered Level 22 of a ziggurat
 34694 | Zig:22   | Found the +8 orange crystal plate armour {Archmagi, Int+3
                  | Clar}
 34703 | Zig:22   | Identified the +4 trident "Uciam" {spect, Drain Int+2
                  | Stlth+}
 34704 | Zig:22   | Identified the ring of the Establishment {rElec rC+ rN+
                  | Str+3 SInv}
 34707 | Zig:22   | Identified the +1 mace of the Vendetta {flame, Str+3}
 34713 | Zig:22   | Got the Monograph on Conjured Rot
 34734 | Zig:22   | Identified the +11 quarterstaff of Impermanence {heavy, rN+
                  | Will+ Str+3}
 34738 | Zig:23   | Entered Level 23 of a ziggurat
 34755 | Zig:23   | Noticed a royal mummy
 34756 | Zig:23   | Noticed a royal mummy
 34757 | Zig:23   | Noticed a royal mummy
 34759 | Zig:23   | Noticed a royal mummy
 34760 | Zig:23   | Noticed a royal mummy
 34764 | Zig:23   | HP: 8/261 [bennu (15)]
 34764 | Zig:23   | Killed by divine providence
                  | ... invoked by a royal mummy
                  | (9 damage)
 34770 | Zig:23   | Noticed a royal mummy
 34770 | Zig:23   | Noticed a royal mummy
 34770 | Zig:23   | HP: 9/261 [spriggan defender zombie (8)]
 34771 | Zig:23   | Slain by a jiangshi (15 damage)
                  | ... summoned by a mummy priest
 34772 | Zig:23   | Killed a royal mummy
 34778 | Zig:23   | HP: 11/264 [bennu (13)]
 34778 | Zig:23   | Slain by a bennu (11 damage)
 34785 | Zig:23   | HP: 3/264 [bennu (20)]
 34785 | Zig:23   | Demolished by a royal mummy (18 damage)
 34785 | Zig:23   | Noticed a royal mummy
 34786 | Zig:23   | Killed a royal mummy
 34790 | Zig:23   | HP: 11/255 [bennu (10)]
 34791 | Zig:23   | Demolished by a phantasmal warrior (22 damage)
                  | ... summoned by a mummy priest
 34792 | Zig:23   | Noticed a royal mummy
 34793 | Zig:23   | Killed by divine providence
                  | ... invoked by a royal mummy
                  | (10 damage)
 34800 | Zig:23   | HP: 11/237 [ushabti] (7)]
 34800 | Zig:23   | Mangled by a death scarab (17 damage)
 34804 | Zig:23   | HP: 4/239 [??? (2)]
 34805 | Zig:23   | Engulfed by an ushabti's foul pestilence (5 damage)
 34807 | Zig:23   | Killed by divine providence
                  | ... invoked by a royal mummy
                  | (10 damage)
 34812 | Zig:23   | Killed a royal mummy
 34812 | Zig:23   | HP: 1/241 [something (12)]
 34812 | Zig:23   | Slain by a death scarab (6 damage)
                  | ... summoned by a royal mummy
 34815 | Zig:23   | Noticed a royal mummy
 34819 | Zig:23   | HP: 8/247 [ushabti] (5)]
 34819 | Zig:23   | Succumbed to an ushabti's dark miasma
 34822 | Zig:23   | HP: 3/247 [poisoned by an ushabti (dark miasma)]
 34822 | Zig:23   | Killed by divine providence
                  | ... invoked by a royal mummy
                  | (16 damage)
 34827 | Zig:23   | Slain by a death scarab (17 damage)
                  | ... summoned by a royal mummy
 34830 | Zig:23   | HP: 12/248 [??? (9)]
 34831 | Zig:23   | Succumbed to an ushabti's dark miasma
 34835 | Zig:23   | HP: 8/248 [poisoned by an ushabti (dark miasma)]
 34836 | Zig:23   | Engulfed by an ushabti's foul pestilence (8 damage)
 34839 | Zig:23   | Slain by an emperor scorpion (12 damage)
                  | ... summoned by a royal mummy
 34843 | Zig:23   | Killed a royal mummy
 34843 | Zig:23   | HP: 12/248 [emperor scorpion[a royal mummy] (11)]
 34844 | Zig:23   | Reached skill level 27 in Unarmed Combat
 34844 | Zig:23   | Succumbed to an emperor scorpion's poison
 34847 | Zig:23   | HP: 3/242 [death scarab[a royal mummy] (17)]
 34847 | Zig:23   | Mangled by an emperor scorpion (12 damage)
                  | ... summoned by a royal mummy
 34854 | Zig:23   | Killed a royal mummy
 34856 | Zig:23   | HP: 3/248 [poisoned by an ushabti (dark miasma)]
 34856 | Zig:23   | Killed by divine providence
                  | ... invoked by a royal mummy
                  | (14 damage)
 34861 | Zig:23   | HP: 6/248 [emperor scorpion[a royal mummy] (9)]
 34863 | Zig:23   | Killed a royal mummy
 34863 | Zig:23   | Succumbed to an ushabti's dark miasma
 34870 | Zig:23   | Killed a royal mummy
 34870 | Zig:23   | HP: 8/253 [poisoned by an ushabti (dark miasma)]
 34871 | Zig:23   | HP: 3/257 [ushabti] (2)]
 34871 | Zig:23   | Succumbed to an ushabti's dark miasma
 34874 | Zig:23   | Succumbed to an emperor scorpion's poison
 34880 | Zig:23   | HP: 10/259 [poisoned by an emperor scorpion]
 34880 | Zig:23   | Killed by divine providence
                  | ... invoked by a royal mummy
                  | (13 damage)
 34884 | Zig:23   | Succumbed to an ushabti's dark miasma
 34890 | Zig:23   | HP: 3/260 [poisoned by an ushabti (dark miasma)]
 34890 | Zig:23   | Killed by divine providence
                  | ... invoked by a royal mummy
                  | (13 damage)
 34896 | Zig:23   | HP: 4/260 [poisoned by an ushabti (dark miasma)]
 34896 | Zig:23   | Slain by an emperor scorpion (4 damage)
                  | ... summoned by a royal mummy
 34898 | Zig:23   | Killed a royal mummy
 34900 | Zig:23   | Killed by a guardian mummy's death curse (11 damage)
 34907 | Zig:23   | HP: 11/264 [poisoned by an ushabti (dark miasma)]
 34908 | Zig:23   | Succumbed to an ushabti's dark miasma
 34918 | Zig:23   | HP: 12/265 [poisoned by an ushabti (dark miasma)]
 34918 | Zig:23   | HP: 2/265 [royal mummy/divine providence (10)]
 34918 | Zig:23   | Killed by divine providence
                  | ... invoked by a mummy priest
                  | (15 damage)
 34927 | Zig:23   | HP: 12/266 [poisoned by an ushabti (dark miasma)]
 34928 | Zig:23   | Killed a royal mummy
 34928 | Zig:23   | HP: 5/266 [torment (2)]
 34928 | Zig:23   | HP: 2/266 [ushabti] (3)]
 34928 | Zig:23   | Succumbed to an ushabti's dark miasma
 34933 | Zig:23   | HP: 13/266 [poisoned by an ushabti (dark miasma)]
 34934 | Zig:23   | HP: 4/266 [poisoned by an ushabti (dark miasma)]
 34935 | Zig:23   | Succumbed to an ushabti's dark miasma
 34946 | Zig:23   | Killed a royal mummy
 34951 | Zig:23   | HP: 3/266 [poisoned by an ushabti (dark miasma)]
 34952 | Zig:23   | Engulfed by an ushabti's foul pestilence (16 damage)
 34966 | Zig:23   | Reached skill level 5 in Evocations
 34969 | Zig:23   | HP: 10/266 [titan zombie (26)]
 34969 | Zig:23   | Slain by a titan zombie (10 damage)
 34984 | Zig:23   | Identified the ring of Naifechu {rPois Dex+6}
 34985 | Zig:23   | Identified the +6 chain mail "Iraboina" {Will+ Dex+5}
 34987 | Zig:23   | Identified the +0 chain mail of the Sailor {+Blink rN+
                  | Int+2 Dex-5}
 34989 | Zig:23   | Identified the +10 mace "Yneros" {venom, rElec rPois Int+3}
 34990 | Zig:23   | Identified the +3 great sword of Dishonesty {drain, rElec
                  | rC+}
 34993 | Zig:23   | Identified the staff of poison "Mocw" {rElec rPois rC- rN+
                  | Str+2}
 35014 | Zig:23   | Identified the +1 plate armour of Elyvilon's Castigation
                  | {+Blink rElec SInv Stlth+}
 35016 | Zig:23   | Identified the +8 arbalest of Dullness {freeze, rF+ rCorr
                  | Int+2}
 35017 | Zig:23   | Identified the +10 battleaxe "Oluuboen" {freeze, Will+
                  | Dex+2}
 35057 | Zig:23   | Mangled by a stone giant (45 damage)
                  | ... created by the rage of Trog
 35107 | Zig:24   | Entered Level 24 of a ziggurat
 35110 | Zig:24   | Lost mutation: You occasionally shout uncontrollably at
                  | your foes. [Jiyva's grace]
 35110 | Zig:24   | Lost mutation: Armour fits poorly on your massive
                  | pseudopods. [Jiyva's grace]
 35110 | Zig:24   | Lost mutation: Armour fits poorly on your large pseudopods.
                  | [Jiyva's grace]
 35110 | Zig:24   | Gained mutation: You have a pair of small antennae on your
                  | head. [Jiyva's grace]
 35110 | Zig:24   | Gained mutation: You have a pair of antennae on your head.
                  | [Jiyva's grace]
 35110 | Zig:24   | Gained mutation: You have a pair of large antennae on your
                  | head. (SInv) [Jiyva's grace]
 35110 | Zig:24   | Lost mutation: You have hooves in place of feet. [Jiyva's
                  | grace]
 35110 | Zig:24   | Lost mutation: You have hoof-like feet. [Jiyva's grace]
 35110 | Zig:24   | Lost mutation: You have large cloven feet. [Jiyva's grace]
 35110 | Zig:24   | Gained mutation: You have sharp toenails. [Jiyva's grace]
 35134 | Zig:24   | Noticed an ancient lich
 35134 | Zig:24   | Noticed a dread lich
 35135 | Zig:24   | Noticed an ancient lich
 35136 | Zig:24   | Killed from afar by a revenant (35 damage)
                  | ... with a ghostly fireball
 35147 | Zig:24   | HP: 11/240 [poisoned by a profane servitor]
 35147 | Zig:24   | Mangled by a reaper
                  | ... wielding a +2 heavy scythe
                  | (15 damage)
 35154 | Zig:24   | HP: 9/220 [eidolon (4)]
 35154 | Zig:24   | HP: 1/217 [revenant/ghostly fireball (8)]
 35155 | Zig:24   | Engulfed by a cloud of spectral mist (5 damage)
 35158 | Zig:24   | Killed from afar by an eidolon (27 damage)
                  | ... with a bolt of negative energy
 35159 | Zig:24   | HP: 10/206 [flayed ghost/flay_damage[a curse skull] (2)]
 35159 | Zig:24   | Slain by an ancient lich (6 damage)
 35161 | Zig:24   | HP: 3/197 [profane servitor/+3 whip of venom (2)]
 35161 | Zig:24   | Mangled by a dread lich (9 damage)
 35165 | Zig:24   | Slain by a reaper
                  | ... wielding a +2 heavy scythe
                  | (37 damage)
 35168 | Zig:24   | Killed from afar by a vampire mage (16 damage)
                  | ... with a bolt of negative energy
 35174 | Zig:24   | Killed from afar by an ancient lich (18 damage)
                  | ... with a crystal spear
 35180 | Zig:24   | Killed an ancient lich
 35180 | Zig:24   | HP: 2/166 [revenant/ghostly fireball (12)]
 35180 | Zig:24   | Killed from afar by a vampire mage (15 damage)
                  | ... with a bolt of negative energy
 35183 | Zig:24   | Killed from afar by a revenant (26 damage)
                  | ... with a ghostly fireball
 35187 | Zig:24   | Killed from afar by an ancient lich (58 damage)
                  | ... with a crystal spear
 35187 | Zig:24   | HP: 6/140 [revenant/ghostly fireball (19)]
 35187 | Zig:24   | Killed from afar by an eidolon (15 damage)
                  | ... with a bolt of negative energy
 35192 | Zig:24   | Killed from afar by an ancient lich (54 damage)
                  | ... with a crystal spear
 35195 | Zig:24   | Slain by a reaper
                  | ... wielding a +2 heavy scythe
                  | (20 damage)
 35197 | Zig:24   | Killed an ancient lich
 35200 | Zig:24   | HP: 5/148 [profane servitor/+2 demon whip of electrocution
                  | (11)]
 35200 | Zig:24   | Killed from afar by a revenant (34 damage)
                  | ... with a ghostly fireball
 35203 | Zig:24   | HP: 1/134 [profane servitor/+2 demon whip of electrocution
                  | (7)]
 35203 | Zig:24   | Slain by a profane servitor
                  | ... wielding a +2 demon whip of electrocution
                  | (3 damage)
 35205 | Zig:24   | Killed a dread lich
 35205 | Zig:24   | Slain by an ancient champion
                  | ... wielding a +3 great sword of draining
                  | (9 damage)
 35208 | Zig:24   | HP: 4/130 [poisoned by a green death (poison gas)]
 35209 | Zig:24   | Succumbed to a green death's poison gas
 35211 | Zig:24   | Mangled by a jiangshi (12 damage)
                  | ... summoned by a vampire mage
 35215 | Zig:24   | HP: 7/147 [revenant] (5)]
 35215 | Zig:24   | Slain by a jiangshi (6 damage)
                  | ... summoned by a vampire mage
 35219 | Zig:24   | Killed from afar by a revenant (8 damage)
                  | ... with a ghostly fireball
 35225 | Zig:24   | HP: 7/143 [revenant] (5)]
 35225 | Zig:24   | HP: 1/139 [eidolon/bolt of negative energy (6)]
 35226 | Zig:24   | Slain by a profane servitor
                  | ... wielding a +2 demon whip of electrocution
                  | (2 damage)
 35231 | Zig:24   | HP: 4/144 [bone dragon (12)]
 35231 | Zig:24   | Killed from afar by a lich (5 damage)
                  | ... with a bolt of cold
 35233 | Zig:24   | Engulfed by a revenant's spectral mist (12 damage)
 35234 | Zig:24   | Slain by an ancient champion
                  | ... wielding a +3 great mace of freezing
                  | (18 damage)
 35235 | Zig:24   | Slain by a revenant (14 damage)
 35238 | Zig:24   | HP: 7/193 [profane servitor/+2 demon whip of electrocution
                  | (11)]
 35240 | Zig:24   | Mangled by a vampire knight
                  | ... wielding a +0 battleaxe
                  | (11 damage)
 35243 | Zig:24   | Demolished by a reaper
                  | ... wielding a +2 heavy scythe
                  | (33 damage)
 35255 | Zig:24   | Slain by a reaper
                  | ... wielding a +2 heavy scythe
                  | (33 damage)
 35265 | Zig:24   | HP: 7/149 [??? (4)]
 35265 | Zig:24   | HP: 3/149 [phantasmal warrior[a curse skull] (3)]
 35269 | Zig:24   | Blown up by a lich (33 damage)
                  | ... with a wavering orb of destruction
 35271 | Zig:24   | Killed from afar by a vampire mage (24 damage)
                  | ... with a bolt of negative energy
 35274 | Zig:24   | Killed from afar by a revenant (43 damage)
                  | ... with a ghostly fireball
 35277 | Zig:24   | HP: 6/123 [??? (4)]
 35278 | Zig:24   | Engulfed by a revenant's spectral mist (6 damage)
 35282 | Zig:24   | HP: 4/114 [??? (2)]
 35283 | Zig:24   | Slain by a lich (3 damage)
 35288 | Zig:24   | Slain by a profane servitor
                  | ... wielding a +2 demon whip of electrocution
                  | (12 damage)
 35289 | Zig:24   | Paralysed by a vampire knight for 3 turns
 35291 | Zig:24   | Slain by an ancient champion
                  | ... wielding a +3 battleaxe of draining
                  | (14 damage)
                  | ... while paralysed by a vampire knight
 35292 | Zig:24   | HP: 4/82 [lich (3)]
 35293 | Zig:25   | Entered Level 25 of a ziggurat
 35324 | Zig:25   | Noticed Isepa the pandemonium lord
 35327 | Zig:25   | Noticed Yqou the pandemonium lord
 35331 | Zig:25   | Noticed Rawn the pandemonium lord
 35335 | Zig:25   | Noticed Genkass the pandemonium lord
 35336 | Zig:25   | Noticed Axycwazy the pandemonium lord
 35338 | Zig:25   | Noticed Ofyroqi the pandemonium lord
 35339 | Zig:25   | Noticed Ygeothy the pandemonium lord
 35339 | Zig:25   | Killed from afar by a Brimstone Fiend (41 damage)
                  | ... with damnation
                  | ... summoned by the player character
 35339 | Zig:25   | Noticed Leamel the pandemonium lord
 35340 | Zig:25   | Noticed Jegubach the pandemonium lord
 35341 | Zig:25   | Annihilated by Isepa the pandemonium lord (44 damage)
 35343 | Zig:25   | Noticed Apsan the pandemonium lord
 35343 | Zig:25   | Killed from afar by a Killer Klown (25 damage)
                  | ... with a klown pie
 35344 | Zig:25   | Killed Yqou the pandemonium lord
 35345 | Zig:25   | Mangled by Ofyroqi the pandemonium lord (13 damage)
 35346 | Zig:25   | Killed Isepa the pandemonium lord
 35346 | Zig:25   | Noticed Xauttoiq the pandemonium lord
 35348 | Zig:25   | Noticed Leitoege the pandemonium lord
 35350 | Zig:25   | Slain by Rawn the pandemonium lord (16 damage)
 35355 | Zig:25   | HP: 1/141 [Apsan the pandemonium lord (17)]
 35355 | Zig:25   | Slain by a Killer Klown
                  | ... wielding a +10 club of pain
                  | (2 damage)
 35360 | Zig:25   | Slain by Genkass the pandemonium lord (23 damage)
 35360 | Zig:25   | Noticed Zuanleq the pandemonium lord
 35362 | Zig:25   | Noticed Noptat the pandemonium lord
 35362 | Zig:25   | Noticed Asyupucs the pandemonium lord
 35362 | Zig:25   | Noticed Roidic the pandemonium lord
 35362 | Zig:25   | Noticed Qoeje the pandemonium lord
 35363 | Zig:25   | Killed from afar by a Killer Klown (43 damage)
                  | ... with a klown pie
 35366 | Zig:25   | Noticed Moiwomin the pandemonium lord
 35366 | Zig:25   | Killed Axycwazy the pandemonium lord
 35368 | Zig:25   | HP: 7/157 [Rawn the pandemonium lord (16)]
 35368 | Zig:25   | Killed by an exploding ball lightning (10 damage)
 35370 | Zig:25   | Killed Noptat the pandemonium lord
 35370 | Zig:25   | Killed Asyupucs the pandemonium lord
 35370 | Zig:25   | Killed Genkass the pandemonium lord
 35370 | Zig:25   | Killed Leitoege the pandemonium lord
 35370 | Zig:25   | Killed Ofyroqi the pandemonium lord
 35370 | Zig:25   | Mangled by Zuanleq the pandemonium lord (17 damage)
 35371 | Zig:25   | Killed Roidic the pandemonium lord
 35374 | Zig:25   | Slain by Rawn the pandemonium lord (29 damage)
 35374 | Zig:25   | Killed Leamel the pandemonium lord
 35375 | Zig:25   | HP: 3/196 [Moiwomin the pandemonium lord (21)]
 35375 | Zig:25   | Mangled by Moiwomin the pandemonium lord (9 damage)
 35381 | Zig:25   | Mangled by Apsan the pandemonium lord (18 damage)
 35382 | Zig:25   | Killed Jegubach the pandemonium lord
 35385 | Zig:25   | Mangled by Apsan the pandemonium lord (23 damage)
 35386 | Zig:25   | Killed Xauttoiq the pandemonium lord
 35393 | Zig:25   | Slain by Apsan the pandemonium lord (15 damage)
 35396 | Zig:25   | Killed Qoeje the pandemonium lord
 35399 | Zig:25   | Killed Ygeothy the pandemonium lord
 35404 | Zig:25   | Demolished by Rawn the pandemonium lord (35 damage)
 35408 | Zig:25   | Killed Zuanleq the pandemonium lord
 35416 | Abyss:5  | Cast into level 5 of the Abyss (Moiwomin)
 35426 | Zig:25   | Escaped the Abyss
 35434 | Zig:25   | Killed Rawn the pandemonium lord
 35437 | Zig:25   | HP: 6/226 [Apsan the pandemonium lord (16)]
 35439 | Zig:25   | Killed Apsan the pandemonium lord
 35449 | Zig:25   | Killed Moiwomin the pandemonium lord
 35450 | Zig:25   | Reached skill level 15 in Fighting
 35468 | Zig:25   | Got the Volume of Chilled Assembling
 35469 | Zig:25   | Identified the +1 troll leather armour of Nuchen {Regen+
                  | Str+6}
 35479 | Zig:25   | Identified the amulet "Tialoff" {rN+ Will++ Regen+}
 35482 | Zig:25   | Identified the +2 ring mail "Bulo" {Regen+ Str+2}
 35494 | Zig:25   | Identified the +2 great sword "Fyfuriph" {heavy, Str+3
                  | Dex+3 SInv}
 35504 | Zig:25   | Identified the +5 scale mail of Vehumet's Generosity
                  | {rElec}
 35963 | Zig:26   | Entered Level 26 of a ziggurat
 35991 | Zig:26   | Noticed an ancient lich
 35992 | Zig:26   | Demolished by a black draconian knight
                  | ... wielding a +1 glaive of freezing
                  | (37 damage)
 35998 | Zig:26   | Noticed an ancient lich
 35999 | Zig:26   | Slain by a demonspawn blood saint
                  | ... wielding a +0 quarterstaff
                  | (25 damage)
 36003 | Zig:26   | HP: 10/229 [deep elf annihilator/bolt of lightning (10)]
 36003 | Zig:26   | Noticed an ancient lich
 36005 | Zig:26   | Killed by an exploding demonspawn blood saint (14 damage)
                  | ... ignited by their inner flame
 36010 | Zig:26   | Killed an ancient lich
 36013 | Zig:26   | HP: 10/238 [death yak (31)]
 36013 | Zig:26   | Demolished by a naga mage
                  | ... wielding a +0 halberd
                  | (25 damage)
 36015 | Zig:26   | Killed an ancient lich
 36017 | Zig:26   | Killed from afar by a deep elf annihilator (8 damage)
                  | ... with a bolt of lightning
 36023 | Zig:26   | HP: 10/346 [demonspawn blood saint/iceblast (50)]
 36023 | Zig:26   | Demolished by a shadow dragon (27 damage)
 36031 | Zig:26   | Killed from afar by a naga mage (22 damage)
                  | ... with a bolt of poison
 36034 | Zig:26   | HP: 3/209 [red draconian scorcher/damnation (41)]
 36034 | Zig:26   | Killed an ancient lich
 36034 | Zig:26   | Killed by an exploding ancient lich (14 damage)
                  | ... ignited by their inner flame
 36045 | Zig:26   | Killed from afar by a naga mage (23 damage)
                  | ... with a bolt of poison
 36101 | Zig:26   | Found the amulet of the Four Winds {rN+ Will+++ Clar}
 36105 | Zig:26   | Identified the ring "Ahuhanguch" {Contam rPois EV+5 Int+3}
 36106 | Zig:26   | Identified the +1 war axe of Cruel Justice {heavy, rF+++
                  | rCorr Dex+4 Stlth-}
 36108 | Zig:26   | Got Cawkor's Catalogue of Red Alteration
 36119 | Zig:26   | Identified the staff of poison "Ydoec" {rPois MP+9}
 36122 | Zig:26   | Identified the +3 hand axe of Beogh's Brutal Revenge
                  | {venom, +Blink rC+}
 36131 | Zig:26   | Identified the ring "Peih" {rPois Slay+3}
 36144 | Zig:27   | Entered Level 27 of a ziggurat
 36173 | Zig:27   | Killed from afar by a crystal echidna (24 damage)
                  | ... with a crystal bolt
 36175 | Zig:27   | Noticed a dread lich
 36175 | Zig:27   | HP: 6/219 [quicksilver elemental (8)]
 36175 | Zig:27   | Killed from afar by a crystal echidna (16 damage)
                  | ... with a crystal bolt
 36179 | Zig:27   | HP: 2/212 [Hell Sentinel (8)]
 36180 | Zig:27   | Killed from afar by a quicksilver elemental (13 damage)
                  | ... with a bolt of dispelling energy
 36190 | Zig:27   | Killed from afar by an iron dragon (39 damage)
                  | ... with a spray of metal splinters
 36199 | Zig:27   | Killed from afar by a quicksilver elemental (41 damage)
                  | ... with a bolt of dispelling energy
 36206 | Zig:27   | Paralysed by a dread lich for 4 turns
 36207 | Zig:27   | Killed from afar by an iron giant (58 damage)
                  | ... with an iron shot
                  | ... while paralysed by a dread lich
 36209 | Zig:27   | HP: 6/207 [crystal echidna/crystal bolt (27)]
 36209 | Zig:27   | Killed from afar by an iron giant (45 damage)
                  | ... with an iron shot
                  | ... while paralysed by a dread lich
 36210 | Zig:27   | Mangled by an iron giant
                  | ... wielding a +0 giant club
                  | (56 damage)
                  | ... while paralysed by a dread lich
 36212 | Zig:27   | Demolished by an iron giant
                  | ... wielding a +0 giant club
                  | (66 damage)
 36216 | Zig:27   | Slain by an iron giant
                  | ... wielding a +0 giant club
                  | (17 damage)
 36220 | Zig:27   | Killed a dread lich
 36222 | Zig:27   | HP: 11/221 [Hell Sentinel (7)]
 36223 | Zig:27   | Killed from afar by a crystal echidna (17 damage)
                  | ... with a crystal bolt
 36227 | Zig:27   | Demolished by an iron golem (43 damage)
 36235 | Zig:27   | Slain by a quicksilver elemental (17 damage)
 36240 | Zig:27   | Slain by an iron golem (29 damage)
 36246 | Zig:27   | Killed from afar by a Hell Sentinel (69 damage)
                  | ... with an iron shot
 36253 | Zig:27   | Demolished by an iron golem (34 damage)
 36259 | Zig:27   | Mangled by an iron golem (41 damage)
 36263 | Zig:27   | Mangled by an iron golem (46 damage)
 36275 | Zig:27   | HP: 2/243 [Hell Sentinel (27)]
 36275 | Zig:27   | Annihilated by an iron golem (30 damage)
 36285 | Zig:27   | Mangled by an iron golem (35 damage)
 36294 | Zig:27   | Killed from afar by a Hell Sentinel (19 damage)
                  | ... with an iron shot
 36303 | Zig:27   | HP: 7/239 [iron golem (24)]
 36303 | Zig:27   | Mangled by an iron golem (14 damage)
 36313 | Zig:27   | HP: 10/236 [Hell Sentinel/iron shot (51)]
 36313 | Zig:27   | HP: 2/236 [crystal echidna/crystal bolt (8)]
 36315 | Zig:27   | Mangled by a Hell Sentinel (13 damage)
 36321 | Zig:27   | Slain by a Hell Sentinel (29 damage)
 36329 | Zig:27   | HP: 4/246 [Hell Sentinel (20)]
 36330 | Zig:27   | Killed from afar by an ancient champion (26 damage)
                  | ... with an iron shot
 36337 | Zig:27   | HP: 10/246 [Hell Sentinel (21)]
 36338 | Zig:27   | Demolished by an iron golem (32 damage)
 36348 | Zig:27   | HP: 7/247 [Hell Sentinel (20)]
 36348 | Zig:27   | HP: 1/247 [Hell Sentinel (6)]
 36349 | Zig:27   | Killed from afar by an ancient champion (35 damage)
                  | ... with an iron shot
 36354 | Zig:27   | Demolished by a Hell Sentinel (37 damage)
 36362 | Zig:27   | Slain by a Hell Sentinel (27 damage)
 36369 | Zig:27   | HP: 11/244 [Hell Sentinel (21)]
 36369 | Zig:27   | Slain by a Hell Sentinel (14 damage)
 36383 | Zig:27   | Slain by a Hell Sentinel (18 damage)
 36430 | Zig:27   | Identified the amulet of Sunlight {Faith *Slow Str+4 Int+3}
 36472 | Zig:27   | Identified the ring of Quapoer {Fly Int+3 Dex+3}
 36852 | D:14     | Found a gate to the Vaults.
 37426 | D:12     | Paralysed by Trog for 4 turns
 38388 | Slime:5  | Identified the ring "Moynn" {rCorr EV+5 Str+2 Int+2}
 38391 | Slime:5  | Got a slimy rune of Zot
 38397 | Slime:5  | Identified the staff of conjuration "Kiusoido" {Str+4}
 38425 | Slime:5  | Identified the +4 rapier "Asorhut" {spect, Will+ Str+3}
 38509 | Slime:5  | Identified the +1 pair of boots of the Fife {+Blink rF+++
                  | MP+9 Str-2}
 38540 | Slime:5  | Acquired a manual of Fighting
 39170 | D:12     | Lost mutation: You have a pair of large antennae on your
                  | head. (SInv) [Jiyva's grace]
 39170 | D:12     | Lost mutation: You have sharp toenails. [Jiyva's grace]
 39170 | D:12     | Lost mutation: You possess an exceptional clarity of mind.
                  | [Jiyva's grace]
 39170 | D:12     | Gained mutation: Your transparent skin significantly
                  | reduces your foes' accuracy. (Stealth+) [Jiyva's grace]
 39170 | D:12     | Gained mutation: Your system is resistant to poisons.
                  | (rPois) [Jiyva's grace]
 39170 | D:12     | Gained mutation: Your spells are a little harder to cast,
                  | but a little more powerful. [Jiyva's grace]
 39170 | D:12     | Gained mutation: Your spells are harder to cast, but more
                  | powerful. [Jiyva's grace]
 39323 | D:12     | Found a staircase to the Orcish Mines.
 39344 | D:12     | Reached skill level 10 in Evocations
 39376 | Orc:1    | Entered Level 1 of the Orcish Mines
 39471 | Orc:1    | Paralysed by Trog for 5 turns
 39533 | Orc:2    | Entered Level 2 of the Orcish Mines
 39656 | Orc:2    | Found a staircase to the Elven Halls.
 39811 | Orc:2    | Found Anki's Antique Weapon Shoppe.
 39821 | Orc:2    | Found Xugedemoem's General Store.
 39821 | Orc:2    | Found Utoxot Gunt's Assorted Antiques.
 39829 | Orc:2    | Found Vopur's Assorted Antiques.
 39844 | Orc:2    | Bought a pair of embroidered boots for 225 gold pieces
 39897 | Orc:2    | Found Neskinuss's Weapon Emporium.
 40716 | Elf:1    | Entered Level 1 of the Elven Halls
 40734 | Elf:1    | Found a radiant altar of Vehumet.
 40765 | Elf:1    | Found Plog's Magic Scroll Emporium.
 40765 | Elf:1    | Found Ebegod's General Store.
 41036 | Elf:1    | Found a radiant altar of Vehumet.
 41209 | Elf:1    | Was forgiven by Trog
 41276 | Elf:1    | Bought a scroll of magic mapping for 105 gold pieces
 41363 | Elf:1    | Found a crumbling gateway.
 41400 | Desolati | Entered the Desolation of Salt
 41549 | Desolati | Killed by a resonance strike
                  | ... invoked by a ragged hierophant
                  | (22 damage)
 41589 | Desolati | Identified the ring "Rewuf" {Fly rElec Str-3 SInv Stlth+}
 41613 | Desolati | Identified the +4 hand axe "Aciun" {drain, rC+ MP+9 Str+3
                  | Dex+2}
 41811 | Desolati | Lost mutation: You have a pair of antennae on your head.
                  | [Jiyva's grace]
 41811 | Desolati | Lost mutation: Your spells are harder to cast, but more
                  | powerful. [Jiyva's grace]
 41811 | Desolati | Lost mutation: Your transparent skin significantly reduces
                  | your foes' accuracy. (Stealth+) [Jiyva's grace]
 41811 | Desolati | Gained mutation: You have hidden genetic potential.
                  | [Jiyva's grace]
 41811 | Desolati | Gained mutation: You have great hidden genetic potential.
                  | [Jiyva's grace]
 41811 | Desolati | Gained mutation: Your natural rate of healing is unusually
                  | fast. [Jiyva's grace]
 41811 | Desolati | Gained mutation: You heal very quickly. [Jiyva's grace]
 41841 | Desolati | Identified the +5 trident "Dodyt Haile" {heavy, rN+}
 41845 | Desolati | Identified the +12 whip "Macsuloll" {freeze, *Rage rElec
                  | Str+3 Dex+5}
 41847 | Desolati | Identified the ring "Sutsei" {Ice Fly rElec Stlth-}
 41951 | Desolati | Identified the +0 leather armour of Focus {Will- Regen+
                  | Dex+4}
 41954 | Desolati | Identified the +7 hand axe "Uwek Upne" {freeze, rF+++ rC-
                  | rN+++ Dex-5}
 41964 | Desolati | Identified the amulet "Yruoczim" {Spirit Str+7}
 42501 | Elf:2    | Paralysed by an air elemental for 1 turns
 42578 | Elf:2    | Acquired a manual of Axes
 42675 | Elf:2    | Found an ancient bone altar of Kikubaaqudgha.
 42767 | Elf:2    | Found a runed translucent gate.
 42767 | Elf:2    | Found a runed translucent gate.
 42771 | Elf:2    | Found a runed translucent gate.
 43399 | Elf:3    | Entered Level 3 of the Elven Halls
 43399 | Elf:3    | Found Potuhyrph's Jewellery Boutique.
 43755 | Elf:3    | Lost mutation: Your system is resistant to poisons. (rPois)
                  | [Jiyva's grace]
 43755 | Elf:3    | Lost mutation: You heal very quickly. [Jiyva's grace]
 43755 | Elf:3    | Lost mutation: Armour fits poorly on your pseudopods.
                  | [Jiyva's grace]
 43755 | Elf:3    | Lost mutation: Your translucent skin reduces your foes'
                  | accuracy. (Stealth+) [Jiyva's grace]
 43755 | Elf:3    | Lost mutation: You have great hidden genetic potential.
                  | [Jiyva's grace]
 43755 | Elf:3    | Gained mutation: Your muscles are strong. (Str +4, Int/Dex
                  | -1) [Jiyva's grace]
 43755 | Elf:3    | Gained mutation: Your muscles are very strong. (Str +8,
                  | Int/Dex -2) [Jiyva's grace]
 43755 | Elf:3    | Gained mutation: You have large cloven feet. [Jiyva's
                  | grace]
 43755 | Elf:3    | Gained mutation: You have hoof-like feet. [Jiyva's grace]
 43873 | Elf:3    | HP: 11/276 [blizzard demon/the air[a deep elf demonologist]
                  | (4)]
 43875 | Elf:3    | Killed by divine providence
                  | ... invoked by a deep elf high priest
                  | (15 damage)
 43885 | Elf:3    | Killed from afar by a deep elf annihilator (72 damage)
                  | ... with a crystal spear
 43901 | Elf:3    | Identified the +5 glaive of Objectivity {vamp, +Blink rF+
                  | Str+2}
 43974 | Elf:3    | Identified the ring of Guifaara {Fly Int+4}
 43979 | Elf:3    | Identified the ring "Gecun" {rC- rCorr Str+8 Int+2 Stlth+}
 43984 | Elf:3    | Identified the +5 scimitar of the Genius {speed, +Blink
                  | rElec rF-}
 44012 | Elf:3    | Identified the staff of poison "Koasy" {rPois Int+2}
 44028 | Elf:3    | Identified the staff of poison "Focra" {rPois SInv}
 44035 | Elf:3    | Identified the +11 short sword of Tiryic {venom, rCorr}
 44038 | Elf:3    | Identified the +2 chain mail of Contentment {Dex+3}
 44181 | Elf:3    | Identified the +1 ring mail of Sif Muna's Approval {Fly
                  | rElec Will+}
 44656 | D:12     | Found a portal to a secret trove of treasure.
 44804 | D:13     | Acquired a manual of Fighting
 45044 | D:13     | Identified the +1 glaive "Gamebb" {venom, Int+2 Dex+4}
 45103 | D:13     | Found Pitumen's Jewellery Shop.
 46060 | D:14     | Lost mutation: You have a pair of small antennae on your
                  | head. [Jiyva's grace]
 46060 | D:14     | Lost mutation: Your natural rate of healing is unusually
                  | fast. [Jiyva's grace]
 46060 | D:14     | Lost mutation: You have hidden genetic potential. [Jiyva's
                  | grace]
 46060 | D:14     | Gained mutation: You are agile. (Dex +4, Str/Int -1)
                  | [Jiyva's grace]
 46060 | D:14     | Gained mutation: You are very agile. (Dex +8, Str/Int -2)
                  | [Jiyva's grace]
 46060 | D:14     | Gained mutation: Your body has grown many eyes which may
                  | confuse attackers. (Acc +5) [Jiyva's grace]
 46060 | D:14     | Gained mutation: Your body is covered in eyes which may
                  | confuse attackers. (Acc +7, SInv) [Jiyva's grace]
 46402 | Vaults:1 | Entered Level 1 of the Vaults
 47169 | Vaults:1 | Found Nupunig's Antique Weapon Boutique.
 47905 | Vaults:2 | Found Hehyttan's Book Shoppe.
 47913 | Vaults:2 | Bought a Necronomicon for 1232 gold pieces
 47913 | Vaults:2 | Bought the Excursus on Posthumous Modification for 616 gold
                  | pieces
 48094 | Vaults:2 | Found a runed translucent gate.
 48095 | Vaults:2 | Found a runed translucent gate.
 48095 | Vaults:2 | Found a runed translucent gate.
 48096 | Vaults:2 | Noticed Kevimi's ghost (adept FeNe)
 48096 | Vaults:2 | Found the +8 demon blade "Leech" {evervamp, Harm Drain rN+}
 48100 | Vaults:2 | Found an iron altar of Okawaru.
 48137 | Vaults:2 | Killed Kevimi's ghost
 48148 | Vaults:2 | Identified the +1 cloak of Lies {Will++}
 48167 | Vaults:2 | Got the Lessons on the Ironbound Queen Bee
 48425 | Vaults:3 | Lost mutation: You have hoof-like feet. [Jiyva's grace]
 48425 | Vaults:3 | Lost mutation: You are very agile. (Dex +8, Str/Int -2)
                  | [Jiyva's grace]
 48425 | Vaults:3 | Lost mutation: Your muscles are very strong. (Str +8,
                  | Int/Dex -2) [Jiyva's grace]
 48425 | Vaults:3 | Lost mutation: Your spells are a little harder to cast, but
                  | a little more powerful. [Jiyva's grace]
 48425 | Vaults:3 | Lost mutation: Your translucent skin slightly reduces your
                  | foes' accuracy. (Stealth+) [Jiyva's grace]
 48425 | Vaults:3 | Gained mutation: You have a pair of small horns on your
                  | head. [Jiyva's grace]
 48425 | Vaults:3 | Gained mutation: You have a pair of horns on your head.
                  | [Jiyva's grace]
 48425 | Vaults:3 | Gained mutation: You have a pair of large horns on your
                  | head. [Jiyva's grace]
 48425 | Vaults:3 | Gained mutation: Your flesh is cold resistant. (rC+)
                  | [Jiyva's grace]
 48529 | Vaults:3 | Found a staircase to the Crypt.
 49954 | Vaults:4 | Lost mutation: You have a pair of large horns on your head.
                  | [Jiyva's grace]
 49954 | Vaults:4 | Lost mutation: Your body is covered in eyes which may
                  | confuse attackers. (Acc +7, SInv) [Jiyva's grace]
 49954 | Vaults:4 | Lost mutation: Your body has grown many eyes which may
                  | confuse attackers. (Acc +5) [Jiyva's grace]
 49954 | Vaults:4 | Gained mutation: You have an increased reservoir of magic.
                  | (+10% MP) [Jiyva's grace]
 49954 | Vaults:4 | Gained mutation: You have a considerably increased
                  | reservoir of magic. (+20% MP) [Jiyva's grace]
 49954 | Vaults:4 | Gained mutation: You have a greatly increased reservoir of
                  | magic. (+30% MP) [Jiyva's grace]
 49954 | Vaults:4 | Gained mutation: You have a pair of large horns on your
                  | head. [Jiyva's grace]
 50019 | Vaults:4 | Noticed an ancient lich
 50032 | Vaults:4 | Killed an ancient lich
 50463 | Vaults:5 | Entered Level 5 of the Vaults
 50480 | Vaults:5 | Noticed Xtahua
 50485 | Vaults:5 | HP: 13/282 [vault guard/+3 great mace (5)]
 50485 | Vaults:5 | HP: 1/282 [vault guard/+3 halberd (12)]
 50486 | Vaults:5 | Slain by a lich (6 damage)
 50491 | Vaults:5 | Identified the +6 spear of Unreason {venom, rElec rC+ MP-9}
 50495 | Vaults:5 | HP: 11/282 [vault guard/+3 halberd (10)]
 50497 | Vaults:5 | HP: 4/284 [vault guard/+3 halberd (11)]
 50498 | Vaults:5 | Slain by a storm dragon (11 damage)
 50511 | Vaults:5 | Killed Xtahua
 50512 | Vaults:5 | HP: 13/287 [vault guard/+0 bardiche (2)]
 50512 | Vaults:5 | HP: 2/287 [Hell Sentinel/damnation[the player character]
                  | (11)]
 50513 | Vaults:5 | Demolished by a vault guard
                  | ... wielding a +0 great sword
                  | (19 damage)
 50539 | Vaults:5 | Noticed an ancient lich
 50541 | Vaults:5 | Mangled by a tengu reaver
                  | ... wielding a +2 heavy great mace
                  | (30 damage)
 50564 | Vaults:5 | Killed an ancient lich
 50577 | Vaults:5 | Identified the amulet of Beauty {Faith Dex+4 Stlth-}
 50717 | Vaults:5 | Identified the staff of cold "Zethro" {rPois rF+ rC+}
 50732 | Vaults:5 | Got a silver rune of Zot
 50885 | Vaults:5 | Identified the +8 broad axe "Tuatefuyng" {heavy, Fly Dex+2}
 50885 | Vaults:5 | Identified the ring "Qaraf" {rC+ Str+3 Stlth+}
 51007 | Vaults:5 | Identified the orb of the Shining Light {*Rage, Int+3}
 51008 | Vaults:5 | Identified the +1 scale mail "Haqom" {Harm rElec rN++ SInv}
 51009 | Vaults:5 | Identified the +0 hand axe of Wuto {pain, rPois rN+ Will+
                  | Int+2}
 51122 | Vaults:5 | Identified the +4 leather armour of Tenacity {Int+2 Dex+3}
 51128 | Vaults:5 | Found Zeraululuy's Antique Weapon Shop.
 51136 | Vaults:5 | Bought a shimmering battleaxe for 356 gold pieces
 51136 | Vaults:5 | Identified the +1 battleaxe "Jist" {chaos, rPois MP+9 Str-3
                  | Int+5} (You bought it in a shop on level 5 of the Vaults)
 51672 | Crypt:1  | Entered Level 1 of the Crypt
 51688 | Crypt:1  | Noticed Jory
 51704 | Vaults:3 | HP: 13/287 [Jory/crystal spear (42)]
 51705 | Vaults:3 | Killed Jory
 52064 | Depths:2 | Found a hide-covered altar of Uskayaw.
 52315 | Depths:2 | Lost mutation: You have a pair of large horns on your head.
                  | [Jiyva's grace]
 52315 | Depths:2 | Lost mutation: You are agile. (Dex +4, Str/Int -1) [Jiyva's
                  | grace]
 52315 | Depths:2 | Lost mutation: Your muscles are strong. (Str +4, Int/Dex
                  | -1) [Jiyva's grace]
 52315 | Depths:2 | Gained mutation: You have supernaturally acute eyesight.
                  | (SInv) [Jiyva's grace]
 52315 | Depths:2 | Gained mutation: You are somewhat resistant to further
                  | mutation. [Jiyva's grace]
 52315 | Depths:2 | Gained mutation: You are somewhat resistant to both further
                  | mutation and mutation removal. [Jiyva's grace]
 52315 | Depths:2 | Gained mutation: You are almost entirely resistant to
                  | further mutation and mutation removal. [Jiyva's grace]
 52374 | Depths:2 | Found a one-way gate leading to the halls of Pandemonium.
 53007 | Depths:3 | Reached skill level 27 in Shields
 53365 | Depths:4 | Entered Level 4 of the Depths
 53504 | Depths:4 | Found a gate to the Realm of Zot.
 53533 | Depths:4 | HP: 9/302 [deep troll earth mage (8)]
 53536 | Depths:4 | Killed from afar by a Hell Sentinel (36 damage)
                  | ... with damnation
                  | ... summoned by the player character
 53704 | Depths:4 | Lost mutation: You have a pair of horns on your head.
                  | [Jiyva's grace]
 53704 | Depths:4 | Lost mutation: You have supernaturally acute eyesight.
                  | (SInv) [Jiyva's grace]
 53704 | Depths:4 | Lost mutation: Your flesh is cold resistant. (rC+) [Jiyva's
                  | grace]
 53704 | Depths:4 | Lost mutation: You have a greatly increased reservoir of
                  | magic. (+30% MP) [Jiyva's grace]
 53704 | Depths:4 | Lost mutation: You are almost entirely resistant to further
                  | mutation and mutation removal. [Jiyva's grace]
 53704 | Depths:4 | Lost mutation: You are somewhat resistant to both further
                  | mutation and mutation removal. [Jiyva's grace]
 53704 | Depths:4 | Lost mutation: You are somewhat resistant to further
                  | mutation. [Jiyva's grace]
 53704 | Depths:4 | Lost mutation: Your body has grown eyes which may confuse
                  | attackers. (Acc +3) [Jiyva's grace]
 53704 | Depths:4 | Gained mutation: Your body has grown eyes which may confuse
                  | attackers. (Acc +3) [Jiyva's grace]
 53704 | Depths:4 | Gained mutation: Your body has grown many eyes which may
                  | confuse attackers. (Acc +5) [Jiyva's grace]
 53704 | Depths:4 | Gained mutation: Your body is covered in eyes which may
                  | confuse attackers. (Acc +7, SInv) [Jiyva's grace]
 53704 | Depths:4 | Gained mutation: Your flesh is heat resistant. (rF+)
                  | [Jiyva's grace]
 53821 | Depths:4 | Noticed a juggernaut
 53835 | Depths:4 | Killed a juggernaut
 54440 | Zot:1    | Entered Level 1 of the Realm of Zot
 54890 | Zot:1    | You fall into a shaft and drop 1 floor!
 54954 | Zot:2    | Noticed a dread lich
 54966 | Zot:2    | Killed a dread lich
 54975 | Zot:2    | Reached skill level 15 in Evocations
 55000 | Zot:2    | Identified the ring "Ladaeffott" {Ice rCorr Dex+2}
 55000 | Zot:2    | Noticed Josephina
 55026 | Zot:3    | Killed Josephina
 55359 | Zot:3    | Killed from afar by a red draconian scorcher (31 damage)
                  | ... with damnation
 55709 | Zot:1    | Found a hazy altar of Hepliaklqana.
 56150 | D:12     | You paid a toll of 5 scrolls of blinking to enter a
                  | treasure trove
 56151 | Trove    | Entered a treasure trove
 56177 | Trove    | Got Sif Muna's Catalogue of Collective Places
 56200 | Trove    | Identified the amulet "Hawehydi" {Faith rPois}
 56204 | Trove    | Identified the amulet of Orusot {Spirit Fly MP+9 Dex+3}
 57249 | Zot:3    | Lost mutation: You have a pair of small horns on your head.
                  | [Jiyva's grace]
 57249 | Zot:3    | Gained mutation: You have a pair of small horns on your
                  | head. [Jiyva's grace]
 57249 | Zot:3    | Gained mutation: You have a pair of horns on your head.
                  | [Jiyva's grace]
 57249 | Zot:3    | Gained mutation: You have a pair of large horns on your
                  | head. [Jiyva's grace]
 57249 | Zot:3    | Gained mutation: Your spells are a little harder to cast,
                  | but a little more powerful. [Jiyva's grace]
 57550 | Zot:4    | Noticed an orb of fire
 57565 | Zot:4    | Killed an orb of fire
 57659 | Zot:4    | You fall into a shaft and drop 1 floor!
 57659 | Zot:5    | Entered Level 5 of the Realm of Zot
 57673 | Zot:5    | Noticed an orb of fire
 57675 | Zot:5    | Noticed an orb of fire
 57681 | Zot:5    | Noticed an orb of fire
 57683 | Zot:5    | Demolished by an Orb Guardian (58 damage)
 57690 | Zot:5    | Killed an orb of fire
 57694 | Zot:5    | Demolished by an Orb Guardian (51 damage)
 57697 | Zot:5    | Noticed an orb of fire
 57705 | Zot:5    | HP: 9/309 [storm dragon/bolt of lightning (11)]
 57707 | Zot:5    | HP: 4/309 [red draconian scorcher] (5)]
 57707 | Zot:5    | Killed from afar by an orb of fire (21 damage)
                  | ... with a bolt of fire
 57708 | Zot:5    | Noticed an ancient lich
 57710 | Zot:5    | Noticed an ancient lich
 57716 | Zot:5    | Noticed an orb of fire
 57720 | Zot:5    | HP: 13/309 [orb of fire/bolt of fire (12)]
 57720 | Zot:5    | Gained mutation: You are weak. (Str -2) [an orb of fire]
 57720 | Zot:5    | Killed from afar by a black draconian (15 damage)
                  | ... with a bolt of lightning
 57722 | Zot:5    | Gained mutation: You have hidden genetic defects. [an orb
                  | of fire]
 57734 | Zot:5    | Killed an orb of fire
 57737 | Zot:5    | Gained mutation: You have terrible hidden genetic defects.
                  | [an orb of fire]
 57738 | Zot:5    | Killed an ancient lich
 57743 | Zot:5    | Gained mutation: You occasionally lose the ability to read
                  | scrolls when taking damage. [an orb of fire]
 57744 | Zot:5    | Killed from afar by an ancient lich (87 damage)
                  | ... with a crystal spear
 57746 | Zot:5    | Noticed a dread lich
 57748 | Zot:5    | Killed an orb of fire
 57749 | Zot:5    | Noticed an ancient lich
 57753 | Zot:5    | Killed from afar by an ancient lich (42 damage)
                  | ... with a crystal spear
                  | ... while petrified by an ancient lich
 57754 | Zot:5    | Gained mutation: Potions are less effective at restoring
                  | your health. [an orb of fire]
 57757 | Zot:5    | Gained mutation: You are clumsy. (Dex -2) [an orb of fire]
 57757 | Zot:5    | Killed an ancient lich
 57764 | Zot:5    | HP: 9/310 [orb of fire/bolt of fire (14)]
 57764 | Zot:5    | Killed an ancient lich
 57764 | Zot:5    | HP: 2/310 [Orb Guardian (7)]
 57764 | Zot:5    | Killed from afar by a yellow draconian (8 damage)
                  | ... with a glob of acid
                  | ... led by a black draconian knight
 57769 | Zot:5    | Killed a dread lich
 57771 | Zot:5    | Gained mutation: You occasionally shout uncontrollably at
                  | your foes. [an orb of fire]
 57778 | Zot:5    | Gained mutation: You are very clumsy. (Dex -4) [an orb of
                  | fire]
 57779 | Zot:5    | Slain by an Orb Guardian (28 damage)
 57779 | Zot:5    | Killed an orb of fire
 57781 | Zot:5    | Got the Orb of Zot
 57783 | Zot:5    | Gained mutation: Your body sometimes deteriorates upon
                  | taking damage. [an orb of fire]
 57790 | Zot:5    | Killed an orb of fire
 57794 | Zot:5    | Gained mutation: You sometimes lose the ability to read
                  | scrolls when taking damage. [hidden defects]
 57796 | Zot:5    | Lost mutation: Your body is covered in eyes which may
                  | confuse attackers. (Acc +7, SInv) [potion of mutation]
 57796 | Zot:5    | Lost mutation: Your body has grown many eyes which may
                  | confuse attackers. (Acc +5) [potion of mutation]
 57796 | Zot:5    | Lost mutation: You are very clumsy. (Dex -4) [potion of
                  | mutation]
 57796 | Zot:5    | Lost mutation: You have a pair of large horns on your head.
                  | [potion of mutation]
 57796 | Zot:5    | Gained mutation: You have very sharp teeth. [potion of
                  | mutation]
 57930 | Zot:5    | Found a runed translucent gate.
 57930 | Zot:5    | Found a runed translucent gate.
 57930 | Zot:5    | Found a runed translucent gate.
 57930 | Zot:5    | Found an ancient bone altar of Kikubaaqudgha.
 57930 | Zot:5    | Noticed Ytolar's ghost (legendary DsFi)
 57930 | Zot:5    | Noticed Kawoqao's ghost (legendary MiBe)
 57930 | Zot:5    | Noticed a dread lich
 57932 | Zot:5    | Noticed Kawoqao's ghost (legendary MiBe)
 57933 | Zot:5    | Noticed a dread lich
 58032 | Zot:3    | Noticed Tedoneidumm the pandemonium lord
 58060 | Zot:3    | Killed Tedoneidumm the pandemonium lord
 58088 | Zot:3    | Noticed Ceapaoq the pandemonium lord
 58800 | D:4      | Found a shimmering blue altar of Sif Muna.
 58861 | D:4      | Gained mutation: Armour fits poorly on your strangely
                  | shaped body. [hidden defects]
 58861 | D:4      | Lost mutation: You have terrible hidden genetic defects.
                  | [hidden defects expressed]
 59140 | D:$      | Escaped with the Orb!

Illustrated notes

Levels and vault maps discovered:
D:1:      dpeg_arrival_arbitrary_a, layout_basic
D:2:      layout_loops_ring, minmay_indecisive_spiral
D:3:      layout_loops_ring, tgw_trog, evilmike_ruin_ashenzari,
          grunt_dithmenos_smoke, serial_shops, shop, nicolae_lakefront_shop,
          nicolae_shop_stone, shop, hangedman_decor_clover_reticule
D:4:      wad_crossroads, layout_cave_pools, mainiacjoe_overflow_24_doors,
          nicolae_elyvilon_temple_path, nicolae_sif_muna_little_library,
          mainiacjoe_overflow_alcove_1
D:5:      layout_loops_corners
D:6:      layout_basic, gammafunk_ghost_abyssal_escape, uniq_menkaure
D:7:      layout_loops_ring, nicolae_ru_path_of_blood,
          minmay_temple_entry_ruins, kennysheep_windowed_goal
D:8:      layout_rooms, grunt_temple_overflow_open
D:9:      layout_loops_ring, erik_lair_island, serial_shops,
          nicolae_take_the_stairs, uniq_erolcha
D:10:     layout_cave_pools, serial_shops, nicolae_shop_crystal, uniq_sonja
D:11:     layout_roguey, gauntlet_entry_generic
D:12:     layout_loops_ring, david_orc_5, serial_shops, shop,
          nicolae_trove_entry_crystal, minmay_misc_feat_plants
D:13:     layout_irregular_city, serial_shops, kennysheep_little_box,
          dreamdust_looks_like_rain
D:14:     layout_stronghold, david_vaults_3, chequers_decorated_corner
D:15:     hangedman_depths_entry_civil_slaughter, layout_irregular_city
Lair:1:   dreamdust_cave_troll, layout_concentric_octagons, uniq_maggie
Lair:2:   layout_chaotic_city
Lair:3:   layout_regular_city, shoals_dummy_entry,
          nicolae_spider_entry_orb_guardian, ebering_ghost_inner_flame,
          beast_lair_carwin_3
Lair:4:   layout_cellular_growth, chequers_serial_rivers_large_b
Lair:5:   gammafunk_lair_ancient_temple, layout_cave_pods, slime_entry_1,
          special_room [special_room_mythical_zoo], lookout_lair_type,
          evilmike_ambush [evilmike_ambush_outer_pillars,
          evilmike_ambush_inner_basic]
Shoals:1: layout_shoals, nicolae_shoals_shepherds
Shoals:2: layout_shoals, nicolae_shoals_bring_sunscreen
Shoals:3: cheibrodos_shoals_three_sisters, layout_shoals, serial_shops, shop
Shoals:4: shoals_end_hangedman, layout_shoals, uniq_kirke, uniq_polyphemus,
          uniq_bai_suzhen
Spider:1: layout_spider_delve, nicolae_spider_bzzzt
Spider:2: layout_cave_pods, portal_ice_cave_entry_ice_statue_one,
          nicolae_spider_altar_of_dancing, uniq_mlioglotl
Spider:3: layout_spider_delve, hangedman_stitches_earthworm
Spider:4: johnstein_spider_rune_arachne_lair, einodemon_crawler_minivault
Slime:1:  layout_caves
Slime:2:  layout_caves
Slime:3:  layout_caves
Slime:4:  layout_caves
Slime:5
Orc:1:    layout_caves
Orc:2:    st_orc_open, layout_caves, serial_shops, nicolae_lakefront_shop,
          abandoned_shop
Elf:1:    eino_elf_arrival_altar, layout_loops_ring, basic_altar,
          portal_desolation_entry_holy_temple, minmay_elf_demonology,
          minmay_shoptagon
Elf:2:    elven_hall_of_blades_hangedman_original
          [nicolae_blade_entry_crossed_weapons], layout_loops_cross,
          basic_altar, serial_sigils_hangedman_clutch, nicolae_elf_m_pinch,
          lemuel_flamethrower_3
Elf:3:    minmay_elf_hall_x, layout_geoelf_octagon, serial_shops, shop,
          corexii_hall_statues_l
Vaults:1: v_alt_pattern_1, st_squares, vaults_room_hallway,
          ontoclasm_vaults_chip, nicolae_vaults_three_branches,
          hangedman_vaults_stream, nicolae_vaults_alarming, vaults_mumra_hex,
          nicolae_vaults_little_squares_1, v_misc_15, v_pattern_3,
          layout_vaults_omnibox, serial_shops, nicolae_shop_window_shopping
Vaults:2: gammafunk_ghost_fury_of_okawaru, nicolae_vaults_network_periphery,
          ontoclasm_vaults_ring_large, nicolae_vaults_circle_grid_a,
          nicolae_vaults_border_crossing, nicolae_vaults_little_squares_3,
          hangedman_vaults_trim, hangedman_vaults_nodes,
          grunt_vaults_hallway_short, v_rooms_3, st_lattice,
          vaults_standard_mumra_x, layout_vaults_maze_snakey, serial_shops, shop
Vaults:3: nicolae_vaults_specimen_jars, grunt_vaults_focal,
          ontoclasm_vaults_chip, ontoclasm_vaults_ring_small, v_pattern_1,
          minmay_crypt_entry_simple_walls, ontoclasm_vaults_idyll, v_misc_12,
          hangedman_vaults_corner, ontoclasm_vaults_shout, vaults_room_hallway,
          dpeg_vaults_monster_box, vaults_room_grunt_arrival_checkpoint,
          vaults_dpeg_emergency_exit, layout_vaults_omnicross
Vaults:4: ontoclasm_vaults_gateway, grunt_vaults_trifunnel, v_misc_1,
          nicolae_vaults_little_ls, vaults_room_pool, vaults_dpeg_hooks,
          v_misc_12, vaults_dpeg_cross, st_check, layout_vaults_big_room
Vaults:5: uniq_xtahua
Crypt:1:  layout_rooms, nicolae_crypt_niches, nicolae_crypt_little_mausoleum,
          uniq_jory
Depths:1: minmay_the_grid_plus [minmay_the_grid_dragon_b,
          minmay_the_grid_minigrid_small_alt, minmay_the_grid_medium_cups,
          minmay_the_grid_plusring, minmay_the_grid_prize_shrinking_boxes],
          layout_gridlike, enter_ziggurat_a, nicolae_hepliaklqana_hazy_memory,
          abyss_entry, grunt_mini_vestibule, nrook_loot_triangle, st_stairs_5,
          item_on_display_b
Depths:2: lemuel_troll_bridge, layout_cave_pools, hell_entry,
          nicolae_uskayaw_dance_hall, rand_demon_pan_entry_5,
          abyss_entry_crystal, lemuel_freeze_loot_1
Depths:3: minmay_box_of_statues, layout_cave_pools, serial_rivers,
          chequers_serial_rivers_room_b, chequers_serial_rivers_room_a,
          chequers_serial_rivers_large_a, chequers_serial_rivers_micro_c,
          chequers_serial_rivers_room_b, chequers_serial_rivers_micro_b,
          pf_coc_iceberg, rand_demon_pan_entry_4, abyss_entry
Depths:4: evilmike_zot_entry_argh, layout_basic, pan_entry, hell_entry,
          st_stairs_5
Zot:1:    layout_basic, basic_altar
Zot:2:    hangedman_snap_crack_crunch, layout_onion_interference,
          skrybe_zot_glass_1, uniq_josephina
Zot:3:    kennysheep_room_grid, layout_cellular_growth
Zot:4:    layout_cellular_growth, grunt_ministairs_11
Zot:5:    layout_misc_corridors, gammafunk_ghost_crypt

Skill      XL: |  1  2  3  4  5  6  7  8  9 10 11 12 13 14 15 16 17 18 19 20 21 22 23 24 25 26 27 |
---------------+----------------------------------------------------------------------------------+-----
Dodging        | 2 3 4 5 6 8 9 11 12 13 | 13.7
Unarmed Combat | 3 4 5 6 7 9 10 12 13 15 16 18 20 22 24 25 26 27 | 27.0
Shields        | 1 2 3 4 5 6 7 8 9 11 12 13 14 15 27 | 27.0
Stealth        | 1 2 3 4 5 |  5.5
Fighting       | 4 5 6 7 8 9 10 11 12 13 14 25 | 25.7
Armour         | 4 5 6 |  6.2
Evocations     | 1 2 3 19 | 19.2
Axes           | 4 10 11 12 13 | 13.3

Action                     |  1- 3 |  4- 6 |  7- 9 | 10-12 | 13-15 | 16-18 | 19-21 | 22-24 | 25-27 || total
---------------------------+-------+-------+-------+-------+-------+-------+-------+-------+-------++-------
  Melee: Unarmed           |    80 |    98 |   137 |   765 |   588 |  1595 |   319 |   218 |  4410 ||  8210
         Punch             |     2 |     3 |     6 |    63 |    76 |     8 |       |       |       ||   158
         Tailslap          |       |       |    23 |   137 |   219 |   435 |    87 |    47 |  1112 ||  2060
         Battleaxe         |       |       |       |       |   393 |   159 |       |       |       ||   552
         War axe           |       |       |       |       |     2 |       |       |       |       ||     2
         Pseudopods        |       |       |       |       |       |    68 |   107 |    63 |   696 ||   934
         Kick              |       |       |       |       |       |       |       |    88 |   768 ||   856
         Headbutt          |       |       |       |       |       |       |       |       |   632 ||   632
         Bite              |       |       |       |       |       |       |       |       |    31 ||    31
 Invoke: Berserk           |     1 |     1 |     5 |     6 |     5 |     1 |       |       |       ||    19
         Trog's Hand       |       |       |       |     1 |       |       |       |       |       ||     1
         Brothers in Arms  |       |       |       |     1 |       |       |       |       |       ||     1
  Evoke: Wand              |       |       |       |     4 |     7 |     3 |     3 |     2 |    86 ||   105
         Lightning rod     |       |       |       |       |     4 |     1 |     4 |       |    15 ||    24
         Piece from Xom's  |       |       |       |       |     2 |       |       |       |       ||     2
         Condenser vane    |       |       |       |       |     1 |       |       |       |     2 ||     3
         Phial of floods   |       |       |       |       |       |       |     1 |       |     2 ||     3
         Box of beasts     |       |       |       |       |       |       |       |       |     1 ||     1
    Use: Potion            |     1 |       |       |       |     2 |    10 |     3 |     4 |     9 ||    29
         Scroll            |       |       |       |     2 |    12 |    17 |     6 |     5 |    15 ||    57
   Stab: Sleeping          |       |     1 |       |     6 |     8 |     9 |       |       |    63 ||    87
         Distracted        |       |       |       |     3 |     8 |     9 |     8 |     1 |    47 ||    76
         Confused          |       |       |       |       |     1 |     3 |     4 |       |    56 ||    64
         Petrified         |       |       |       |       |       |     4 |       |    10 |       ||    14
         Paralysed         |       |       |       |       |       |       |       |     1 |       ||     1
         Petrifying        |       |       |       |       |       |       |       |     1 |       ||     1
 Armour: Animal skin       |    14 |    38 |    18 |   193 |       |       |       |       |       ||   263
         Steam dragon scal |       |       |       |   174 |    11 |       |       |       |       ||   185
         Leather armour    |       |       |       |       |   604 |    17 |       |       |       ||   621
         Storm dragon scal |       |       |       |       |       |   702 |   343 |   233 |   553 ||  1831
         Skin              |       |       |       |       |       |       |       |       |    91 ||    91
         Crystal plate arm |       |       |       |       |       |       |       |       |   870 ||   870
         Troll leather arm |       |       |       |       |       |       |       |       |   470 ||   470
  Dodge: Dodged            |    49 |    94 |    64 |   694 |  1923 |  1435 |   622 |   450 |  6658 || 11989
  Block: Other             |    17 |    33 |    14 |   159 |   297 |    39 |       |       |       ||   559
         Buckler           |       |       |       |       |       |  1121 |   453 |   324 |  5212 ||  7110
         Reflection        |       |       |       |       |       |    57 |    75 |    47 |   552 ||   731

Table legend: (Time is in decaauts)
 A = Elapsed time spent in this place.
 B = Non-inter-level travel time spent in this place.
 C = Inter-level travel time spent in this place.
 D = Time resting spent in this place.
 E = Time spent auto-exploring this place.
 F = Levels seen in this place.
 G = Mean time per level.
                   A        B        C        D        E       F      G
               +--------+--------+--------+--------+--------+-----+--------+
         Total |  56931 |  54471 |   2460 |   2980 |  29384 |  94 |  605.6 |
       Dungeon |  12359 |  11470 |    889 |    207 |   7751 |  15 |  823.9 |
          Lair |   6943 |   6388 |    555 |    119 |   4292 |   5 | 1388.6 |
        Shoals |   4112 |   4073 |     39 |    139 |   2471 |   4 | 1028.0 |
   Spider Nest |   5593 |   5574 |     19 |    354 |   3345 |   4 | 1398.2 |
    Slime Pits |   3810 |   3795 |     15 |    813 |   1284 |   5 |  762.0 |
  Orcish Mines |   1348 |   1348 |      0 |      0 |    674 |   2 |  674.0 |
   Elven Halls |   2829 |   2542 |    287 |      0 |   1362 |   3 |  943.0 |
        Vaults |   4977 |   4851 |    126 |     35 |   3356 |   5 |  995.4 |
         Crypt |     18 |     18 |      0 |      0 |      0 |   1 |   18.0 |
        Depths |   4453 |   4060 |    393 |     45 |   2122 |   4 | 1113.2 |
           Zot |   2574 |   2437 |    137 |    162 |   1147 |   5 |  514.8 |
         Abyss |    876 |    876 |      0 |      0 |    145 |  10 |   87.6 |
      Ziggurat |   4412 |   4412 |      0 |   1048 |     10 |  27 |  163.4 |
         Trove |    117 |    117 |      0 |      0 |     38 |   1 |  117.0 |
      Ice Cave |   1576 |   1576 |      0 |     57 |   1014 |   1 | 1576.0 |
    Desolation |    632 |    632 |      0 |      0 |    351 |   1 |  632.0 |
      Gauntlet |    295 |    295 |      0 |      0 |     22 |   1 |  295.0 |
               +--------+--------+--------+--------+--------+-----+--------+

Top non-repeatable levels by time:
Spider:4: 2884 daAuts
Shoals:4: 2094 daAuts
  Lair:5: 1725 daAuts
Depths:1: 1723 daAuts
Spider:2: 1608 daAuts
   IceCv: 1576 daAuts
  Lair:1: 1543 daAuts
  Lair:3: 1481 daAuts
     D:6: 1435 daAuts
Shoals:1: 1383 daAuts
     D:7: 1339 daAuts
  Lair:4: 1270 daAuts
Depths:4: 1250 daAuts
 Slime:5: 1239 daAuts
     D:5: 1224 daAuts
